 BcadrenCrawl: Boulder Brew version 0.05.4-52-gbd2e00ed8b (webtiles) character file.

Game seed: 7421231282838448169, levelgen mode: deterministic

18815996 xeno23 the Archmage (level 27, 270/270 HPs) Golden Draconian Ice Elementalist. Began on Apr 19, 2022. Was the Champion of Bahamut & Tiamat. Escaped with the Orb ... and 15 runes on Apr 26, 2022! The game lasted 17:44:56 (81943 turns).

xeno23 the Archmage (DrIE)                         Turns: 81943, Time: 17:44:57

Health: 270/270    AC: 23    Str: 16    XL:     27
Magic:  49/54      EV: 32    Int: 51    God:    Bahamut & Tiamat [6* [200]]
Gold:   16288      SH: 13    Dex: 18    Spells: 7/80 levels left

rFire    + + .     Vision   +   Q - +12 hand crossbow "Xupiering" {speed, rElec Int+3}
rCold    + + .     Gourm    .   t - +9 buckler of Peek-a-Boo {rPois Int+4}
rNeg     + + +     Faith    .   (armour unavailable)
rCorr    . . .     Spirit   .   S - +2 hat "Manu" {rC+ rN+ MR+}
rPois    +         Reflect  .   k - scarf {rC+ rF+}
rElec    +         Harm     .   i - +3 pair of gauntlets of War {Slay+5}
MR       +++..                  u - +2 pair of boots {run}
Stlth    ++........             h - amulet "Fyneily" {rElec Regen+ Str-5 Int+5 +Vis}
HPRegen  1.40/turn              g - ring of Pogiblusu {rN++ Str+9 Int+5 +Vis Stlth-}
MPRegen  0.64/turn              n - ring "Haizoq" {rPois rC- rN+ Int+5 Dex+4 Slay+2}

@: flying, studying 2 skills, deflect missiles, quick
A: big wings, deformed body 2, deterioration, INT +4, cold-blooded, forlorn,
boosted long blades aptitude, strongly boosted crossbows aptitude, boosted
dodging aptitude, fire, ice and poison enhancers 2, rF+, rC+, rPois, AC +14
0: Orb of Zot
}: 15/15 runes: barnacled, silver, golden, iron, obsidian, icy, bone, abyssal,
demonic, glowing, magical, fiery, dark, gossamer, cracked
a: Breathe Fire, Breathe Frost, Breathe Noxious Fumes, Stop Flying, Enhanced
Breath, Drake Mount, Renounce Religion


You escaped.
You worshipped Bahamut & Tiamat.
Bahamut & Tiamat was exalted by your worship.
You were not hungry.

You visited 18 branches of the dungeon, and saw 82 of its levels.
You visited Pandemonium 1 time, and saw 20 of its levels.
You visited the Abyss 1 time.
You also visited: Trove, Ice Cave and Wizlab.

You collected 20776 gold pieces.
You spent 4488 gold pieces at shops.

Inventory:

Weapons
 Q - the +12 hand crossbow "Xupiering" (weapon) {speed, rElec Int+3}
   (You found it on level 3 of the Lair of Beasts)

   Attacks with this weapon are significantly faster.
   It affects your intelligence (+3).
   It insulates you from electricity.
   Shields
 t - the +9 buckler of Peek-a-Boo (shield) {rPois Int+4}
   (You bought it in a shop on level 6 of the Dungeon)

   Base shield rating: 3 Skill to remove penalty: 4.0 It affects your
   intelligence (+4).
   It protects you from poison.
Armour
 i - the +3 pair of gauntlets of War (worn) {Slay+5}
   (You acquired it on level 6 of the Lair of Beasts)

   It affects your accuracy and damage with ranged weapons and melee attacks
   (+5).
 k - a scarf of resistance (worn)
 u - a +2 pair of boots of running (worn)
 I - the +0 pair of gloves of Lilacs {rF+ rN+ Int+5 Slay-4}
   (You found it in a treasure trove)

   It affects your intelligence (+5).
   It affects your accuracy and damage with ranged weapons and melee attacks
   (-4).
   It protects you from fire.
   It protects you from negative energy.
 L - the +1 pair of boots of Forking Paths {rF+ +Vis}
   (You found it in a treasure trove)

   It protects you from fire.
   It improves your vision.
 O - the +2 pair of gloves of Lilacs {+Inv MR++ Int+4}
   (You found it on level 2 of the Elven Halls)

   It affects your intelligence (+4).
   It affects your resistance to hostile enchantments.
   It lets you turn invisible.
 S - the +2 hat "Manu" (worn) {rC+ rN+ MR+}
   (You acquired it on level 2 of the Depths)

   It protects you from cold.
   It protects you from negative energy.
   It affects your resistance to hostile enchantments.
Magical Staves
 V - a +6 wizard's staff of fire
Jewellery
 g - the ring of Pogiblusu (left hand) {rN++ Str+9 Int+5 +Vis Stlth-}
   (You took it off a molten gargoyle on level 7 of Gehenna)

   [ring of intelligence]

   It affects your strength (+9).
   It affects your intelligence (+5).
   It greatly protects you from negative energy.
   It improves your vision.
   It makes you less stealthy.
 h - the amulet "Fyneily" (around neck) {rElec Regen+ Str-5 Int+5 +Vis}
   (You found it on level 6 of the Lair of Beasts)

   [amulet of regeneration]

   It affects your strength (-5).
   It affects your intelligence (+5).
   It insulates you from electricity.
   It improves your vision.
   It increases your rate of regeneration.
 n - the ring "Haizoq" (right hand) {rPois rC- rN+ Int+5 Dex+4 Slay+2}
   (You found it on level 7 of the Iron City of Dis)

   [ring of intelligence]

   It affects your intelligence (+5).
   It affects your dexterity (+4).
   It affects your accuracy and damage with ranged weapons and melee attacks
   (+2).
   It makes you vulnerable to cold.
   It protects you from poison.
   It protects you from negative energy.
 v - the cursed ring "Oler" {rF+ rN+ Str+5, (Curse: rC- MP-9)}
   (You took it off a wight on level 6 of the Dungeon)

   [ring of strength]

   It affects your strength (+5).
   It protects you from fire.
   It protects you from negative energy.
   It has a curse placed upon it.
   { (Curse: rC- MP-9)}
 z - the ring of Robustness {AC+8 Str+5}
   (You took it off an orc priest on level 2 of the Vaults)

   [ring of strength]

   It affects your AC (+8).
   It affects your strength (+5).
 D - the amulet of Lucidity {Reflect Int+8 SH+5}
   (You acquired it in Pandemonium)

   [amulet of reflection]

   It shields you and reflects attacks.
   It affects your intelligence (+8).
   It affects your SH (+5).
 E - the ring of Springtime {rC+ Str+2 Int+5}
   (You found it on level 7 of the Iron City of Dis)

   [ring of intelligence]

   It affects your strength (+2).
   It affects your intelligence (+5).
   It protects you from cold.
Wands
 C - a wand of enslavement (33)
 G - a wand of disintegration (57)
 J - a wand of healing (6)
 N - a wand of acid (81)
 R - a wand of iceblast (78)
 Y - a wand of clouds (15)
 Z - a wand of hasting (37)
Scrolls
 a - 5 scrolls of blinking
 d - 11 scrolls of bless item
 e - 12 scrolls of fear
 o - 11 scrolls of vulnerability
 p - 44 scrolls of teleportation
 r - 10 scrolls of immolation
 s - 19 scrolls of fog
 P - 15 scrolls of enchantment
 U - 7 scrolls of holy word
 W - 11 scrolls of summoning
 X - 3 scrolls of magic mapping
Potions
 c - 5 potions of ambrosia
 f - 35 potions of curing
 j - 21 potions of heal wounds
 m - 10 potions of haste
 q - 9 potions of resistance
 w - 18 potions of might
 x - 3 potions of cure mutation
 B - 19 potions of agility
 F - 15 potions of brilliance
 H - 7 potions of magic
 K - 6 potions of cancellation
 M - 15 potions of mutation
Miscellaneous
 l - a crystal ball of energy
 T - 9 boxes of beasts
Comestibles
 b - 45 rations


   Skills:
 + Level 26.3 Fighting
   Level 7.4 Axes & Hammers
 - Level 13.6 Crossbows
 + Level 23.9 Dodging
 - Level 13.0 Stealth
 - Level 4.0 Shields
 O Level 27 Spellcasting
 - Level 8.0 Charms
 - Level 0.7 Summonings
 - Level 5.0 Necromancy
 O Level 27 Fire Magic
 O Level 27 Ice Magic
 * Level 20.3 Earth Magic
 + Level 22.4 Invocations
 + Level 23.3 Evocations


You had 7 spell levels left.
You knew the following spells:

 Your Spells              Type           Power        Failure   Level  Hunger
a - Fire Storm            Fire           200 (200)    1%          9    0
c - Summon Butterflies    Summ           67 (100)     1%          1    0
d - Bolt of Fire          Fire           200 (200)    0%          6    0
e - Regeneration          Chrm/Necr      94 (200)     1%          3    0
f - Sublimation of Blood  Necr           88 (200)     1%          2    0
g - Blink                 Tloc           N/A          1%          2    0
h - Ring of Flames        Chrm/Fire      180 (200)    0%          6    0
i - Freeze                Ice            25 (25)      0%          1    0
j - Statue Form           Tmut/Erth      107 (150)    1%          6    0
k - Swiftness             Chrm/Air       83 (100)     1%          2    0
q - Fireball              Fire           200 (200)    0%          5    0
r - Deflect Missiles      Chrm/Air       83 (200)     4%          6    0
s - Glaciate              Ice            200 (200)    1%          9    0
w - Lehudib's Crystal Sp  Erth           135 (200)    1%          8    0
x - Iskenderun's Icy Sph  Ice            200 (200)    0%          7    0

Your spell library contained the following spells:

 Spells                   Type           Power        Failure   Level  Hunger
 Flame Tongue             Fire           30 (30)      0%          1    0
 Foxfire                  Fire           25 (25)      0%          1    0
 Infusion                 Chrm           25 (25)      0%          1    0
 Magic Candle             Hex/Fire       90 (90)      0%          1    0
 Sandblast                Erth           50 (50)      0%          1    0
 Ensorcelled Hibernation  Hex/Ice        50 (50)      0%          2    0
 Passwall                 Tmut/Erth      107 (120)    0%          2    0
 Searing Ray              Fire           50 (50)      0%          2    0
 Song of Slaying          Chrm           100 (100)    0%          2    0
 Throw Frost              Ice            50 (50)      0%          2    0
 Conjure Flame            Fire           100 (100)    0%          3    0
 Ignite Poison            Fire/Tmut      100 (100)    0%          3    0
 Inner Flame              Hex/Fire       100 (100)    0%          3    0
 Ozocubu's Armour         Chrm/Ice       100 (100)    0%          3    0
 Stone Arrow              Erth           50 (50)      0%          3    0
 Hailstorm                Ice            100 (100)    0%          4    0
 Ice Form                 Ice/Tmut       100 (100)    0%          4    0
 Sticky Flame             Fire/Pois      100 (100)    0%          4    0
 Summon Ice Beast         Ice/Summ       100 (100)    0%          4    0
 Throw Icicle             Ice            100 (100)    0%          4    0
 Bolt of Magma            Fire/Erth      195 (200)    0%          5    0
 Iskenderun's Battlesphe  Chrm/Erth      100 (100)    0%          5    0
 Lee's Rapid Deconstruct  Erth           135 (200)    0%          5    0
 Methodical Deconstructi  Erth           135 (200)    0%          5    0
 Bolt of Cold             Ice            200 (200)    0%          6    0
 Iron Shot                Erth           135 (200)    0%          6    0
 Ozocubu's Refrigeration  Ice            200 (200)    0%          6    0
 Tunneling                Erth           135 (200)    0%          6    0
 Beastly Appendage        Tmut           50 (50)      1%          1    0
 Confusing Touch          Hex            50 (50)      1%          1    0
 Pain                     Hex/Necr       25 (25)      1%          1    0
 Poisonous Vapours        Pois/Air       50 (50)      1%          1    0
 Slow                     Hex            62 (100)     1%          1    0
 Summon Small Mammal      Summ           25 (25)      1%          1    0
 Call Imp                 Summ           67 (100)     1%          2    0
 Corpse Rot               Tmut/Necr      N/A          1%          2    0
 Projected Noise          Hex/Tloc       62 (100)     1%          2    0
 Shroud of Golubria       Chrm/Tloc      83 (200)     1%          2    0
 Sticks to Snakes         Tmut           62 (100)     1%          2    0
 Sting                    Pois           25 (25)      1%          2    0
 Apportation              Tloc           50 (50)      1%          3    0
 Blinding Spray           Hex/Pois       50 (50)      1%          3    0
 Call Canine Familiar     Summ           67 (100)     1%          3    0
 Confuse                  Hex            62 (100)     1%          3    0
 Gell's Gravitas          Tloc           62 (200)     1%          3    0
 Mephitic Cloud           Pois/Air       100 (100)    1%          3    0
 Portal Projectile        Chrm/Tloc      50 (50)      1%          3    0
 Pryten's Skeletal Upris  Chrm/Necr      94 (200)     1%          3    0
 Recall                   Summ/Tloc      N/A          1%          3    0
 Scorpion Form            Tmut/Pois      101 (200)    1%          3    0
 Snakes to Sticks         Hex/Tmut       62 (100)     1%          3    0
 Spectral Weapon          Chrm/Summ      85 (100)     1%          3    0
 Teleport Other           Hex/Tloc       62 (100)     1%          3    0
 Tukima's Dance           Hex            62 (100)     1%          3    0
 Vampiric Draining        Necr           88 (200)     1%          3    0
 Animate Dead             Necr           N/A          1%          4    0
 Cause Fear               Hex            62 (200)     1%          4    0
 Force Lance              Tloc/Air       62 (200)     1%          4    0
 Force Lasso              Tloc/Erth      107 (200)    1%          4    0
 Fulminant Prism          Hex            62 (200)     1%          4    0
 Leda's Liquefaction      Tmut/Erth      107 (200)    1%          4    0
 Muse Oam's Air Blast     Tloc/Air       62 (100)     1%          4    0
 Olgreb's Toxic Radiance  Pois           100 (100)    1%          4    0
 Petrify                  Tmut/Erth      100 (100)    1%          4    0
 Still Winds              Hex/Air        62 (200)     1%          4    0
 Bolt of Draining         Necr           88 (200)     1%          5    0
 Excruciating Wounds      Chrm/Necr      94 (200)     1%          5    0
 Summon Forest            Summ/Erth      108 (200)    1%          5    0
 Freezing Cloud           Ice/Air        168 (200)    1%          6    0
 Invisibility             Chrm           100 (100)    1%          6    0
 Simulacrum               Ice/Necr       175 (200)    1%          6    0
 Aura of Abjuration       Summ           67 (200)     3%          5    0
 Summon Lightning Spire   Summ/Air       64 (100)     3%          5    0
 Summon Mana Viper        Summ/Pois      100 (100)    3%          5    0
 Summon Spider Mount      Summ/Pois      104 (200)    3%          5    0
 Blade Hands              Tmut           62 (200)     4%          5    0
 Irradiate                Tmut/Pois      101 (200)    4%          5    0
 Lightning Bolt           Air            62 (200)     4%          5    0
 Silence                  Hex/Air        62 (200)     4%          5    0
 Yara's Violent Unravell  Hex/Tmut       62 (200)     4%          5    0
 Cigotuvi's Degeneration  Tmut/Necr      76 (200)     8%          6    0
 Shadow Creatures         Summ           N/A          16%         6    0
 Conjure Ball Lightning   Air            62 (200)     22%         6    0
 Darkness                 Hex            62 (200)     22%         6    0
 Dispersal                Tloc           62 (200)     22%         6    0
 Eringya's Noxious Bog    Tmut/Pois      101 (200)    22%         6    0
 Poison Arrow             Pois           101 (200)    22%         6    0
 Spellforged Servitor     Summ           67 (200)     65%         7    0
 Controlled Blink         Tloc           62 (100)     77%         7    0
 Dragon Form              Tmut           62 (200)     77%         7    0
 Infestation              Tmut/Pois      101 (200)    77%         7    0
 Icicle Cascade           Ice            200 (200)    0%          8    0
 Unstable Fiery Dash      Fire/Tloc      168 (200)    3%          8    0
 Shatter                  Erth           135 (200)    3%          9    0
 Chain Lightning          Air            62 (200)     100%        8    0
 Discord                  Hex            62 (200)     100%        8    0
 Disjunction              Tloc           62 (200)     100%        8    0
 Dragon's Call            Summ           67 (200)     100%        9    0
 Tornado                  Air            62 (200)     100%        9    0
 Passage of Golubria      Tloc           Unusable     N/A         4    N/A

Dungeon Overview and Level Annotations

Branches:
Dungeon (8/8)              Temple (1/1) D:4            Lair (6/6) D:5
 Shoals (4/4) Lair:2       Spider (4/4) Lair:4        Slime (5/5) Lair:5
    Orc (2/2) D:6             Elf (3/3) Orc:2        Vaults (5/5) D:7
  Crypt (3/3) Vaults:2       Tomb (3/3) Crypt:3      Depths (5/5) D:8
   Hell (visited)             Dis (7/7) Hell            Geh (7/7) Hell
    Coc (7/7) Hell            Tar (7/7) Hell            Zot (5/5) Depths:5
  IceCv (visited)          WizLab (visited)

Altars:
Ashenzari Bahamut & Tiamat
Cheibriados
Dithmenos
Elyvilon
Fedhas Madash
Gozag Ym Sagoz
Hepliaklqana
Kikubaaqudgha
Makhleb
Nemelex Xobeh
Okawaru
Qazlal
Ru
Trog
Uskayaw
Vehumet
Wu Jian
Xom
Yredelemnul
Zin
The Shining One
Beogh

Shops:
D:2 :   D:6 ([   Orc:2 ?:[%   Elf:1 (   Shoals:3 *   Vaults:4 :   Vaults:5 !
Depths:1 %   Depths:5 [

Portals:
Hell: Depths:1 Depths:2 Depths:3 Depths:4 Depths:5
Abyss: Depths:2 Depths:4 Depths:5
Pandemonium: Depths:3 Depths:5
Ziggurat: Depths:4


Innate Abilities, Weirdness & Mutations

Your imposing gold scales are resilient. (AC +14)
You can breathe your choice of flames, frost or noxious fumes.
Your large and strong wings let you fly indefinitely.
You cannot wear any armour on your peculiar form.
You are cold-blooded and are slowed more easily by cold attacks.
You are naturally skilled at Long Blades (Aptitude +3).
You are naturally adept at Crossbows (Aptitude +5).
You are naturally skilled at Dodging (Aptitude +3).
You are strongly in touch with the powers of fire, ice and venom.
Your imposing gold scales grant you resistance to fire, cold and poison. (rF+, rC+, rPois)
Your body often falls apart upon taking damage.
You are very clever. (INT +4)
You have difficulty communicating with the divine.


Message History

You kill the giant blowfly!
The crystal spear hits the cythraul (72)!!!!
The cythraul resists.
You kill the cythraul!
Tiamat appreciates your kill.
You hear a splash.
(D) Dungeon (T) Temple (L) Lair (A) Shoals (N) Spider Nest (M) Slime Pits (O) Orcish Mines (E) Elven Halls (V) Vaults (C) Crypt (W) Tomb (U) Depths (H) Hell (I) Dis (G) Gehenna (X) Cocytus (Y) Tartarus (Z) Zot
Where to? (Enter - D:1, ? - help)
There is a stone staircase leading up here.
You fly upwards.
There is a stone staircase leading down here.
There is an open door here.
There is an open door here.
There is an open door here.
There is a staircase leading out of the dungeon here.
You have escaped!

##### ######.@.######
###.............###
#.................###
▓.................+.#
#.................#.#
###.............###.#
###.........### #.#
###.....### #.#
###.........### #.#


There were no monsters in sight!

Vanquished Creatures
  Cerebov (Pan)
  Asmodeus (Geh:7)
  Antaeus (Coc:7)
  Gloorx Vloq (Pan)
  Ereshkigal (Tar:7)
  Lom Lobon (Pan)
  A seraph (Pan)
  the Serpent of Hell (Dis:7)
  Dispater (Dis:7)
  Mnoleg (Pan)
  9 ancient liches
  13 orbs of fire
  Mennas (Depths:5)
  6 Killer Klowns
  A shard shrike (Coc:7)
  23 greater mummies
  Margery (Depths:4)
  Xtahua (Depths:5)
  Frederick (Depths:4)
  Boris (thrice) (Depths:5 Crypt:1 Crypt:2)
  Saint Roka (Orc:2)
  10 golden dragons
  2 pearl dragons (Pan)
  24 Tzitzimimeh
  Geryon (Hell)
  21 Rhuddgochion
  5 Gwarchodwys (Dis:7)
  6 doom hounds
  12 Vetriflar Jorgrun (Lair:4)
  8 liches
  8 iron giants
  A caustic shrike (Zot:5)
  2 electric golems (Zot:5)
  9 titans
  3 juggernauts
  A Cloud Mage (WizLab)
  27 Oxarmordthar
  9 quicksilver dragons
  5 Cacodemons
  2 krakens
  11 shadow dragons
  Polyphemus (Shoals:3)
  20 ancient champions
  The ghost of t4s4d4r the Brawler, an adept HOPr of Jiyva (Spider:3)
  12 sphinxes
  27 acid blobs
  11 storm dragons
  9 revenants
  the Royal Jelly (Slime:5)
  A draconian monk (Zot:5)
  A warmonger (Pan)
  2 plutonium crabs
  The ghost of t4s4d4r the Brawler, an adept DrPr of Jiyva (Shoals:3)
  8 tengu reavers
  A corrupter (Pan)
  Donald (Spider:4)
  7 iron dragons
  13 tentacled starspawn
  Ilsuiw (Shoals:3)
  11 daevas (Pan)
  An orc warlord (D:6)
  16 draconian knights
  6 pandemonium lords
  21 war gargoyles
  7 deep elf sorcerers
  10 frost giants
  Louise (Spider:2)
  7 bone dragons
  18 vault wardens
  26 titivili
  Roxanne (D:6)
  3 draconian shifters
  20 fire giants
  A platinum draconian (Zot:3)
  14 ironheart preservers
  3 draconian sharpshooters
  8 ghost moths
  2 deep elf master archers (Elf:3)
  22 angels
  6 draconian stormcallers
  Aizul (Elf:3)
  2 deep elf elementalists (Elf:3)
  4 draconian scorchers
  28 balrugion
  11 deep elf demonologists
  7 curse skulls
  2 elemental wellsprings (Coc:7)
  42 reapers
  9 draconian annihilators
  4 lava globs
  28 Orb Guardians
  11 green draconians
  4 black suns (Pan)
  12 bennus
  A deep elf blademaster (Elf:3)
  4 vampire knights
  9 blue draconians
  4 black draconians
  11 ophanim (Pan)
  5 entropy weavers
  5 scintillating draconians
  4 olive draconians
  4 pink draconians
  A blood draconian (Zot:4)
  2 silver draconians
  A cyan draconian (Zot:3)
  3 red draconians
  Azrael (Elf:2)
  2 turquoise draconians
  8 death cobs
  2 purple draconians
  2 white draconians
  28 tentacled monstrosities
  14 gwyrddion
  2 bone draconians
  2 eidola (Crypt:3)
  2 lime draconians
  12 deep elf annihilators
  18 spark wasps
  A fire dragon (shapeshifter) (Depths:3)
  20 ghouls
  The ghost of Darold the Markscow, an adept MiBe of Trog (Elf:2)
  5 merfolk javelineers
  3 chaos butterflies
  16 fire dragons
  10 deep elf death magi
  22 mummy priests
  23 ice dragons
  Josephine (Lair:6)
  24 cenysi
  27 azure jellies
  3 verdant moulds
  5 merfolk avatars
  Harold (D:4)
  8 emperor scorpions
  35 very ugly things
  Fannar (D:5)
  8 jiangshi
  10 spriggan air magi
  29 gibbering mounds
  8 death knights
  23 boulder beetles
  13 rakshasas
  11 lorocyprocas
  6 helvityr
  21 great orbs of eyes
  7 ceiling crawlers
  3 ghost crabs
  A catoblepas (Shoals:3)
  12 deep troll shamans
  10 vampire magi
  4 lava worms (Geh:7)
  5 merfolk aquamancers
  7 deep troll earth magi
  11 spriggan berserkers
  2 satyr
  4 sphinx moths
  10 merfolk impalers
  21 saelneytandis
  5 deep elf high priests (Elf:3)
  3 alligator snapping turtles
  9 ogre magi
  20 apis (Pan)
  7 stone giants
  14 hell hogs
  17 yaktaur captains
  A monstrous demonspawn (Pan)
  17 ettins
  112 skeletal warriors
  10 glowing orange brains
  A shock serpent (WizLab)
  11 thrashing horrors
  16 deep elf knights
  12 wretched stars
  28 hell knights
  5 unseen horrors
  Sonja (D:5)
  14 cherubim (Pan)
  An unseen horror (shapeshifter) (Abyss:3)
  19 death scarabs
  27 two-headed ogres
  2 ectoplasmic emanations
  A swamp dragon (Lair:6)
  12 iron golems (Dis:7)
  14 cysgodolion
  36 vault guards
  A lindwurm (shapeshifter) (Depths:5)
  A fire crab (Abyss:4)
  2 holy flans
  23 dancing weapons
  13 silver stars
  5 salamander mystics
  17 deep elf archers
  11 phantasmal warriors
  12 shadow wraiths
  5 tengu warriors
  9 orc knights
  A hydra (shapeshifter) (Vaults:5)
  23 ironbrand convokers
  3 balloon dogs
  An anaconda (shapeshifter) (Depths:2)
  10 hydras
  2 lindwurms (Lair:6)
  6 death drakes
  20 harpies
  A death drake (shapeshifter) (Vaults:5)
  A kraken zombie (Hell)
  10 wizards
  A shambling mangrove (Abyss:4)
  8 flayed ghosts
  55 sturnulos
  An orange crystal statue (Zot:5)
  15 deep trolls
  3 infernal demonspawn (Pan)
  6 fauns
  38 sixfirhies
  7 torturous demonspawn (Pan)
  10 centaur warriors
  7 torpor snails
  4 gelid demonspawn (Pan)
  8 death yaks
  A rock worm (shapeshifter) (Abyss:3)
  A manticore (shapeshifter) (Elf:2)
  A guardian serpent (shapeshifter) (Abyss:3)
  80 deep elf magi
  11 orb spiders
  14 necromancers
  9 manticores
  4 orc sorcerers
  5 rock worms
  13 molten gargoyles
  2 orb spiders (shapeshifter)
  8 shining eyes
  6 merfolk sirens
  7 sea snakes
  17 salamanders
  12 iron trolls
  4 spatial maelstroms
  5 worldbinders
  2 titan zombies
  24 moths of wrath
  A molten gargoyle (shapeshifter) (D:8)
  22 taeringar
  2 naga magi (D:8)
  5 black mambas
  4 gargoyles (Crypt:3)
  8 water nymphs
  3 ice statues
  26 hellions
  An eye of devastation (Slime:5)
  63 mygdarthion
  10 apocalypse crabs
  Joseph (D:4)
  23 ugly things
  4 titan skeletons
  2 boulder beetle zombies (Spider:1)
  10 vault sentinels
  26 vlerke
  12 giraffes
  6 rot elementals
  11 spiny frogs
  24 freezing wraiths
  A black mamba (shapeshifter) (Vaults:3)
  20 rypuiwels
  A rime drake (shapeshifter) (Vaults:2)
  34 nychdodion
  40 wolf spiders
  3 trolls (Orc:1)
  3 iron dragon skeletons
  7 pain elementals
  A yaktaur (shapeshifter) (Depths:1)
  A kobold demonologist (Abyss:3)
  4 golden dragon zombies
  7 rime drakes
  A silent spectre (Tar:5)
  46 yaktaurs
  3 iron dragon zombies
  7 efreet
  Psyche (D:4)
  3 tyrant leeches (Lair:6)
  6 elephants (Lair:6)
  40 cythreuliaid
  7 bog bodies (Coc:7)
  5 shadow dragon zombies
  5 tengu conjurers
  40 poenydiau
  2 komodo dragons (shapeshifter)
  9 komodo dragons
  A stone giant zombie (Tomb:1)
  A jumping spider (shapeshifter) (Vaults:1)
  2 shadow dragon skeletons
  3 fire giant zombies
  7 snapping turtles
  4 frost giant zombies
  4 sharks (Shoals:2)
  33 jumping spiders
  2 quicksilver dragon zombies
  17 polar bears
  14 hornets
  Prince Ribbit (D:2)
  11 small abominations
  14 ancient zymes
  8 fire giant skeletons
  4 quicksilver dragon skeletons
  A hornet (shapeshifter) (D:8)
  20 wraiths
  A white draconian zombie (Dis:7)
  22 demonic crawlers
  2 dire elephant zombies
  11 wind drakes
  A cyan draconian zombie (Crypt:1)
  19 blink frogs
  16 ynoxinuls
  4 stone giant skeletons
  15 raiju
  2 steam dragons
  2 human zombies
  4 dire elephant skeletons
  14 dream sheep
  3 emperor scorpion zombies
  56 remnants of a dead god
  A catoblepas zombie (Tar:7)
  4 frost giant skeletons
  A hippogriff (shapeshifter) (Depths:1)
  35 large abominations
  13 air elementals
  A storm dragon zombie (Tar:7)
  3 hippogriffs
  26 merfolk
  29 neqoxecar
  A floating eye (Depths:2)
  40 shadows
  62 flying skulls
  A silver draconian zombie (Crypt:1)
  A yak (shapeshifter) (Vaults:5)
  22 chaos elementals
  A spriggan (shapeshifter) (D:7)
  2 ghost moth zombies (Spider:1)
  Grum (D:4)
  A catoblepas skeleton (Crypt:3)
  2 entropy weaver zombies (Spider:1)
  3 wyverns
  5 storm dragon skeletons
  6 hydra zombies
  6 hungry ghosts
  17 cyclopes
  2 ice dragon zombies
  16 water elementals
  A fire dragon zombie (Geh:7)
  42 yaks
  6 basilisks
  3 acid dragons
  A fire bat (Abyss:3)
  4 spriggans
  5 hydra skeletons
  3 war dogs (D:4)
  An alligator zombie (Dis:7)
  17 fire elementals
  18 ushabtiu
  A tyrant leech zombie (Crypt:2)
  28 tarantellas
  6 golden eyes
  A golden eye (shapeshifter) (D:8)
  55 guardian mummies
  13 fire dragon skeletons
  A fire giant simulacrum (Vaults:1)
  2 anaconda zombies
  190 slime creatures
  A spark wasp zombie (Spider:1)
  3 ettin zombies
  2 vampire mosquitoes
  8 ettin skeletons
  12 bone scorpions
  8 wolf spider zombies
  42 redbacks
  A ceiling crawler zombie (Spider:1)
  An elf zombie (Vaults:1)
  A spectral snapping turtle (Abyss:3)
  An alligator skeleton (Crypt:3)
  An ice dragon skeleton (Crypt:3)
  A floating eye (shapeshifter) (Vaults:5)
  8 wargs
  49 hell hounds
  A satyr skeleton (Crypt:1)
  A soldier ant (D:7)
  A soldier ant (shapeshifter) (Abyss:3)
  A swamp worm (shapeshifter) (Depths:3)
  2 phantoms
  3 earth elementals
  18 necrophages
  15 water moccasins
  59 orc warriors
  An anaconda skeleton (Coc:7)
  21 porcupines
  5 pulsating lumps (Pan)
  3 hydra simulacra
  A snapping turtle zombie (Tar:7)
  25 starcursed masses
  2 ettin simulacra (Vaults:1)
  2 insubstantial wisps (Abyss:3)
  A merfolk zombie (Dis:7)
  4 scorpions
  7 spatial vortices
  2 sphinx moth zombies (Spider:1)
  A torpor snail zombie (Spider:1)
  4 black bears
  10 ice beasts
  4 sky beasts
  2 snapping turtle skeletons
  6 redback zombies (Spider:1)
  14 eyes of draining
  A fire dragon simulacrum (Tar:5)
  3 shock serpent skeletons
  A swamp dragon zombie (Crypt:2)
  A swamp dragon skeleton (Tar:7)
  9 fetid cysts
  27 ogres
  23 wolves
  9 boggarts
  2 human skeletons
  An elf skeleton (Vaults:1)
  7 jumping spider zombies (Spider:1)
  A death drake skeleton (Crypt:1)
  2 manticore skeletons
  22 crocodiles
  3 rock worm zombies (Spider:1)
  A deep troll simulacrum (Vaults:2)
  8 big kobolds
  10 tarantella zombies
  27 bullfrogs
  A harpy zombie (Dis:7)
  2 spiny frog zombies
  A queen bee zombie (Crypt:1)
  23 centaurs
  A human simulacrum (Vaults:2)
  2 orb spider zombies (Spider:1)
  A spiny frog skeleton (Coc:7)
  A troll skeleton (Crypt:1)
  4 black mamba zombies
  2 harpy skeletons
  9 howler monkeys
  2 black mamba skeletons
  32 wights
  8 killer bees (D:5)
  3 quasiau
  A spiny frog simulacrum (Abyss:3)
  6 electric eels
  A blink frog skeleton (Crypt:1)
  10 jellies
  8 llaibwcod (Pan)
  4 hounds
  22 orc priests
  Crazy Yiuf (D:7)
  5 iguanas
  20 orc wizards
  A deep dwarf zombie (Crypt:2)
  52 mummies
  6 hell rats (Lair:4)
  6 worker ants
  2 wyvern zombies
  A naga zombie (Tomb:3)
  A sky beast zombie (Crypt:2)
  A wyvern skeleton (D:3)
  A tengu skeleton (Tar:6)
  A naga skeleton (Crypt:3)
  2 ogre skeletons
  3 giant cockroaches
  22 haearbwcod
  A centaur zombie (Geh:7)
  A swamp drake zombie (Crypt:1)
  2 bullfrog skeletons
  3 porcupine skeletons
  3 gnolls (D:3)
  11 cysgobwcod
  9 adders
  7 gwybwcod
  22 sewer rats (D:2)
  7 cinder newts
  3 worms (D:2)
  2 ufetubi
  A worker ant zombie (Crypt:2)
  4 oozes (D:2)
  A hound skeleton (Crypt:2)
  A howler monkey skeleton (D:3)
  10 leopard geckos
  87 orcs
  3 adder skeletons
  An adder zombie (D:5)
  8 bats
  A cinder newt skeleton (D:2)
  5 hobgoblins (D:1)
  4 jackals (D:4)
  18 kobolds
  5 quokkas
  5 ball pythons
  5 goblins (D:1)
  A kobold skeleton (D:2)
  An orc skeleton (Coc:7)
  4 rats (D:1)
  47 blocks of ice
  11 crawling corpses
  4 death oozes (Slime:5)
  An eldritch tentacle (Tar:7)
  101 fire vortices
  4 fungi
  21 giant blowflies
  2 jellyfish (Shoals:4)
  A lurking horror (Abyss:3)
  19 pillars of salt
  41 plants
  A princess slime (Slime:5)
  6 starspawn tentacles (Abyss:3)
  5 tentacles
  22 withered plants
5169 creatures vanquished.

Vanquished Creatures (collateral kills)
  A greater mummy (Tomb:3)
  Bai Suzhen (Depths:1)
  2 acid blobs
  A storm dragon (Vaults:5)
  A sphinx (Tomb:1)
  A daeva (Pan)
  A bone dragon (Depths:5)
  A spark wasp (Depths:2)
  An ice dragon (Coc:7)
  A cenysus (WizLab)
  2 ghouls (Crypt:1)
  2 very ugly things
  A vampire mage (Crypt:1)
  A centaur warrior (Depths:3)
  A skeletal warrior (Dis:1)
  A spectral iron dragon (Abyss:3)
  A moth of wrath (Zot:1)
  An ugly thing (Depths:1)
  A mygdarth (Abyss:3)
  2 freezing wraiths (Vaults:4)
  A rime drake (shapeshifter) (Depths:3)
  A rot elemental (Tar:7)
  A rypuiwel (Dis:7)
  A bog body (Coc:7)
  A starcursed mass (Abyss:3)
  2 shadow dragon skeletons
  A red draconian zombie (Crypt:1)
  A ynoxinul (Pan)
  A raiju (Abyss:3)
  A neqoxec (Pan)
  A flying skull (Tomb:3)
  2 hydra zombies
  A remnant of a dead god (Slime:5)
  A shadow (Tar:7)
  A slime creature (Slime:1)
  A guardian mummy (Tomb:1)
  An anaconda zombie (Coc:7)
  A shock serpent zombie (Dis:1)
  A wight (Dis:6)
  4 mummies
  A cysgobwca (Tar:7)
  An orc (Vaults:5)
  A block of ice (Tar:7)
  A lurking horror (Abyss:3)
  A pillar of salt (Slime:4)
54 creatures vanquished.

Vanquished Creatures (others)
  A magenta draconian (Zot:1)
  An entropy weaver (Spider:4)
  6 gwyrddion (Pan)
  A deep elf annihilator (Pan)
  3 cenysi (WizLab)
  2 hell hogs (Abyss:3)
  A sixfirhy (Pan)
  A death yak (IceCv)
  A large abomination (Abyss:3)
  An apocalypse crab (WizLab)
  A rypuiwel (Dis:7)
  2 vlerke (Pan)
  A wolf spider (Spider:4)
  A ynoxinul (Pan)
  A raiju (Abyss:3)
  A water elemental (Elf:2)
  A fire elemental (Geh:2)
  3 yaks (IceCv)
  A slime creature (Slime:3)
  A redback (Spider:4)
  A wolf spider zombie (Dis:1)
  A starcursed mass (Abyss:3)
  5 wolves (IceCv)
  3 wights
  A gwybwca (Coc:7)
  A sewer rat (D:2)
  4 ball lightnings (Pan)
  2 kobolds (D:2)
  An orc skeleton (Geh:2)
  181 blocks of ice
  A bush (Lair:4)
  623 fire vortices
  7 fungi
  34 giant blowflies
  4 lurking horrors
  47 pillars of salt
  20 plants
  2 slimeheads (D:2)
  11 starspawn tentacles (Abyss:3)
  22 tentacles
  93 withered plants (D:2)
1095 creatures vanquished.

Grand Total: 6318 creatures vanquished

Notes
Turn   | Place    | Note
-------+----------+-------------------------------------------
     0 | D:1      | xeno23 the Immature Draconian Ice Elementalist began the
                  | quest for the Orb.
     0 | D:1      | Reached XP level 1. HP: 14/14 MP: 4/4
   129 | D:1      | Reached skill level 1 in Fighting
   141 | D:1      | Reached XP level 2. HP: 19/23 MP: 1/5
   356 | D:1      | Reached XP level 3. HP: 27/29 MP: 4/7
   794 | D:1      | Reached XP level 4. HP: 33/36 MP: 4/8
   817 | D:1      | Learned a level 2 spell: Throw Frost
   862 | D:1      | Gained mutation: You are highly resistant to hostile
                  | enchantments. (MR++) [potion of mutation]
   862 | D:1      | Gained mutation: You have a fast metabolism. [potion of
                  | mutation]
   862 | D:1      | Gained mutation: You are resistant to electric shocks.
                  | (rElec) [potion of mutation]
  1423 | D:2      | Reached XP level 5. HP: 42/44 MP: 2/10
  1797 | D:2      | Reached XP level 6. HP: 42/50 MP: 1/12
  1948 | D:2      | Reached skill level 5 in Spellcasting
  2145 | D:2      | Your scales start taking on a fiery red colour.
  2145 | D:2      | Reached XP level 7. HP: 39/56 MP: 5/14
  2145 | D:2      | Gained mutation: Your imposing gold scales grant you
                  | resistance to fire, cold and poison. (rF+, rC+, rPois) [Red
                  | Draconian growth]
  2145 | D:2      | Gained mutation: You are strongly in touch with the powers
                  | of fire, ice and venom. [Red Draconian growth]
  2299 | D:2      | Reached skill level 5 in Ice Magic
  2803 | D:2      | Learned a level 4 spell: Throw Icicle
  2897 | D:2      | Reached XP level 8. HP: 13/62 MP: 4/17
  3069 | D:2      | Noticed Prince Ribbit
  3077 | D:2      | Killed Prince Ribbit
  3341 | D:2      | Found Kuxienos's Book Shop.
  4199 | D:3      | Learned a level 4 spell: Summon Ice Beast
  4357 | D:2      | Bought a pamphlet of Dodging for 180 gold pieces
  5110 | D:4      | Reached XP level 9. HP: 54/68 MP: 6/21
  5216 | D:4      | Noticed Psyche
  5318 | D:4      | Noticed Harold
  5508 | D:4      | Killed Psyche
  5531 | D:4      | Noticed Joseph
  5608 | D:4      | Reached skill level 5 in Dodging
  5666 | D:4      | Found a basalt altar of Yredelemnul.
  5803 | D:4      | Found a staircase to the Ecumenical Temple.
  5808 | Temple   | Entered the Ecumenical Temple
  5859 | Temple   | Became a worshipper of Bahamut & Tiamat
  5992 | D:4      | Found a shadowy altar of Dithmenos.
  6000 | D:4      | Learned a level 5 spell: Fireball
  6035 | D:4      | Reached skill level 1 in Fire Magic
  6056 | D:4      | Noticed Grum
  6073 | D:4      | Reached skill level 5 in Fire Magic
  6174 | D:4      | Killed Grum
  6241 | D:4      | Noticed a three-headed hydra
  6256 | D:4      | Gained mutation: You are naturally skilled at Crossbows
                  | (Aptitude +3). [draconic bloodline]
  6256 | D:4      | Reached XP level 10. HP: 75/75 MP: 9/22
  6357 | D:4      | Learned a level 4 spell: Sticky Flame
  6365 | D:4      | Killed a three-headed hydra
  6365 | D:4      | Reached skill level 10 in Fire Magic
  6477 | D:4      | Killed Harold
  6603 | D:4      | Killed Joseph
  6621 | D:5      | Entered Level 5 of the Dungeon
  6646 | D:5      | Reached * piety under Bahamut & Tiamat
  6711 | D:5      | Noticed a five-headed hydra
  6723 | D:5      | Killed a five-headed hydra
  6920 | D:5      | Reached XP level 11. HP: 74/81 MP: 4/23
  7070 | D:5      | Noticed Sonja
  7205 | D:5      | Reached ** piety under Bahamut & Tiamat
  7229 | D:5      | Reached skill level 1 in Invocations
  7461 | D:5      | Found a staircase to the Lair.
  7613 | D:5      | Killed Sonja
  7613 | D:5      | Reached skill level 5 in Invocations
  7664 | D:5      | Noticed Fannar
  7671 | D:5      | Killed Fannar
  7871 | D:5      | Reached skill level 1 in Axes & Hammers
  8214 | Lair:1   | Entered Level 1 of the Lair of Beasts
  8216 | Lair:1   | Reached *** piety under Bahamut & Tiamat
  8304 | Lair:1   | Learned a level 5 spell: Bolt of Magma
  8378 | D:5      | Reached skill level 5 in Axes & Hammers
  8557 | Lair:1   | Gained mutation: You are naturally skilled at Dodging
                  | (Aptitude +3). [draconic bloodline]
  8557 | Lair:1   | Reached XP level 12. HP: 59/88 MP: 1/24
  8635 | Lair:1   | Found a frozen archway.
  8700 | IceCv    | Entered an ice cave
  8726 | IceCv    | Reached **** piety under Bahamut & Tiamat
  9410 | IceCv    | Reached skill level 15 in Fire Magic
  9494 | IceCv    | Reached skill level 1 in Earth Magic
  9584 | IceCv    | Reached ***** piety under Bahamut & Tiamat
 10109 | IceCv    | Noticed a frost giant
 10116 | IceCv    | Killed a frost giant
 10116 | IceCv    | Reached skill level 5 in Fighting
 10143 | IceCv    | Identified the Almanac of the Volcanoes
 10267 | Lair:1   | Identified the ring of Poijajas {*Tele rC++ Int-4 Dex+4}
 10544 | Lair:1   | Noticed a boulder beetle
 10557 | Lair:1   | Killed a boulder beetle
 10691 | Lair:1   | Gained mutation: You are strongly in touch with the powers
                  | of fire, ice and venom. [Red Draconian growth]
 10691 | Lair:1   | Reached XP level 13. HP: 102/102 MP: 15/25
 11331 | Lair:2   | Found a staircase to the Shoals.
 11994 | Lair:3   | Identified the +12 hand crossbow "Xupiering" {speed, rElec
                  | Int+3}
 12236 | Lair:3   | Reached skill level 5 in Crossbows
 12906 | Lair:4   | Gained mutation: You have an increased reservoir of magic.
                  | (+15% MP) [potion of mutation]
 12906 | Lair:4   | Gained mutation: You possess an exceptional clarity of
                  | mind. [potion of mutation]
 12906 | Lair:4   | Gained mutation: Your tail ends in a sharp, venomous barb.
                  | [potion of mutation]
 13125 | Lair:4   | Found a hole to the Spider Nest.
 13319 | Lair:4   | Reached ****** piety under Bahamut & Tiamat
 13319 | Lair:4   | Gained mutation: You are naturally skilled at Long Blades
                  | (Aptitude +3). [draconic bloodline]
 13319 | Lair:4   | Reached XP level 14. HP: 111/111 MP: 11/30
 13321 | Lair:4   | Your scales start taking on an imposing gold colour.
 13321 | Lair:4   | Reached XP level 14. HP: 95/111 MP: 8/30
 13758 | Lair:5   | Reached skill level 15 in Fire Magic
 13939 | Lair:5   | Found a staircase to the Slime Pits.
 14015 | Lair:5   | Reached skill level 10 in Crossbows
 14682 | Lair:6   | Entered Level 6 of the Lair of Beasts
 14793 | Lair:6   | Noticed Josephine
 14798 | Lair:6   | Killed Josephine
 16059 | Lair:6   | Found a runed translucent door.
 16291 | Lair:6   | Reached skill level 10 in Spellcasting
 16338 | Lair:6   | Identified a scroll of acquirement
 16384 | Lair:6   | Identified the amulet "Fyneily" {rElec Regen+ Str-5 Int+5
                  | +Vis}
 16390 | Lair:6   | Identified the amulet of Piyggira {Spirit *Slow +Vis
                  | Stlth+} (You acquired it on level 6 of the Lair of Beasts)
 16391 | Lair:6   | Found the +3 pair of gauntlets of War {Slay+5}
 16794 | D:6      | Gained mutation: You are naturally adept at Crossbows
                  | (Aptitude +5). [draconic bloodline]
 16794 | D:6      | Reached XP level 15. HP: 111/117 MP: 18/33
 16809 | D:6      | Identified Roxanne's Disquisition on the Blaze
 16809 | D:6      | Noticed Roxanne
 17037 | D:6      | Identified the cursed ring "Oler" {rF+ rN+ Str+5, (Curse:
                  | rC- MP-9)}
 17424 | D:6      | Found Eclyklae's Armour Emporium.
 17424 | D:6      | Found a staircase to the Orcish Mines.
 17424 | D:6      | Found Xearrist's Weapon Emporium.
 17465 | D:6      | Received a gift from Bahamut & Tiamat
 17673 | D:6      | Killed Roxanne
 18122 | D:7      | Identified the cursed ring "Ocwo" {rElec rPois rC- rN+
                  | Str+3, (Curse: Fragile)}
 18350 | D:7      | Found a white marble altar of Elyvilon.
 18435 | D:7      | Found a runed translucent door.
 18436 | D:7      | Noticed Crazy Yiuf
 18440 | D:7      | Killed Crazy Yiuf
 18642 | D:7      | Found a gate to the Vaults.
 19018 | D:8      | Entered Level 8 of the Dungeon
 19304 | Orc:1    | Entered Level 1 of the Orcish Mines
 19699 | Orc:1    | Identified the cursed ring "Wef Ciodwint" {+Blink rC- Str+7
                  | Stlth+, (Curse: MR-)}
 20018 | Orc:2    | Entered Level 2 of the Orcish Mines
 20070 | Orc:2    | Reached skill level 10 in Invocations
 20080 | Orc:2    | Identified the cursed ring "Pegyppa" {rC- rN+ MR+ MP+9
                  | Stlth+, (Curse: Fragile Dex-4)}
 20183 | Orc:2    | Noticed Saint Roka
 20195 | Orc:2    | Killed Saint Roka
 21117 | Orc:2    | Reached XP level 16. HP: 128/128 MP: 33/37
 21131 | Orc:2    | Found a staircase to the Elven Halls.
 21427 | Orc:2    | Found Warricsua's Antique Armour Boutique.
 21427 | Orc:2    | Found Kuwag's Book Shoppe.
 21429 | Orc:2    | Found Iroto's Magic Scroll Emporium.
 21431 | Orc:2    | Found Neogazus's Food Shop.
 21445 | Orc:2    | Bought a glowing cloak for 262 gold pieces
 21458 | Orc:2    | Bought a book of Minor Magic for 224 gold pieces
 21458 | Orc:2    | Bought a book of Necromancy for 378 gold pieces
 21464 | Orc:2    | Learned a level 2 spell: Blink
 21468 | Orc:2    | Learned a level 3 spell: Regeneration
 21607 | D:8      | Found an opulent altar of Gozag.
 21725 | D:8      | Reached skill level 1 in Charms
 21725 | D:8      | Reached skill level 1 in Necromancy
 21876 | D:8      | Found a staircase to the Depths.
 22528 | D:6      | Bought the cursed +9 buckler of Peek-a-Boo {rPois Int+4,
                  | (Curse: MR-)} for 925 gold pieces
 22707 | Spider:1 | Connectivity tunneler affected ossuary_due_mausoleum.
 22707 | Spider:1 | Entered Level 1 of the Spider Nest
 22707 | Spider:1 | Noticed Jorgrun
 22717 | Lair:4   | Killed Jorgrun
 22905 | Lair:4   | Learned a level 2 spell: Sublimation of Blood
 22941 | Spider:1 | Reached skill level 1 in Shields
 23010 | Spider:1 | Learned a level 6 spell: Ring of Flames
 24338 | Spider:1 | Identified the +6 longbow of Abomination {molten, rN+
                  | Int+3}
 24564 | Spider:2 | Identified the cursed +10 plate armour of the King of the
                  | Hill {rElec MR+ Str+3 Dex+3, (Curse: Str-4)}
 24931 | Spider:2 | Reached XP level 17. HP: 138/138 MP: 31/39
 25226 | Spider:2 | Identified the cursed +3 scutum of Dogmatism {rC++ rN+
                  | Str-2, (Curse: Fragile)}
 25226 | Spider:2 | Noticed Louise
 25234 | Spider:2 | Killed Louise
 25743 | Spider:3 | Reached skill level 5 in Charms
 25985 | Spider:3 | Identified the +0 robe of Laetu {rPois rF++ MR+}
 25985 | Spider:3 | Found a roughly hewn altar of Beogh.
 26142 | Spider:3 | Found a runed translucent door.
 26145 | Spider:3 | Noticed t4s4d4r's ghost (adept HOPr)
 26146 | Spider:3 | Found the +12 Vampire's Tooth {vamp}
 26161 | Spider:3 | Killed t4s4d4r's ghost
 26161 | Spider:3 | Reached skill level 5 in Necromancy
 26216 | Spider:4 | Entered Level 4 of the Spider Nest
 26330 | Spider:4 | Reached skill level 10 in Fighting
 27031 | Spider:4 | Noticed Donald
 27039 | Spider:4 | Killed Donald
 27324 | Spider:4 | Got a gossamer rune of Zot
 27533 | Shoals:1 | Entered Level 1 of the Shoals
 28299 | Shoals:2 | Gained mutation: Your large and strong wings let you fly
                  | indefinitely. [Golden Draconian growth]
 28299 | Shoals:2 | Reached XP level 18. HP: 139/149 MP: 19/41
 28860 | Shoals:3 | Found a transporter.
 28880 | Shoals:3 | Found a bloodstained altar of Trog.
 28884 | Shoals:3 | Found a transporter.
 28887 | Shoals:3 | Identified the +2 leather armour of a ziggurat {-Cast rF+++
                  | rC++ Str-2}
 28887 | Shoals:3 | Noticed t4s4d4r's ghost (adept DrPr)
 28890 | Shoals:3 | Found Pane's Assorted Antiques.
 28956 | Shoals:3 | Noticed Ilsuiw
 28960 | Shoals:3 | Identified the cursed ring of Xom's Malicious Joy {Fire
                  | *Corrode rPois Dex+5 Slay+3, (Curse: *Slow Fragile)}
 28960 | Shoals:3 | Killed Ilsuiw
 29183 | Shoals:3 | Identified the cursed +7 demon trident of Viyxtosue
                  | {pierce, +Fly Int+2, (Curse: Stlth-)} (You took it off a
                  | merfolk impaler on level 3 of the Shoals)
 29184 | Shoals:3 | Identified the +3 trident of the Scavenger {holy, -Vis rC+
                  | Int+4} (You took it off a merfolk javelineer on level 3 of
                  | the Shoals)
 29215 | Shoals:3 | Killed t4s4d4r's ghost
 29428 | Shoals:3 | Noticed Polyphemus
 29434 | Shoals:3 | Killed Polyphemus
 29683 | Shoals:4 | Entered Level 4 of the Shoals
 29974 | Shoals:4 | Identified the cursed ring "Teamop" {rF+ rC+ MR+, (Curse:
                  | Fragile)}
 30033 | Shoals:4 | Identified the cursed ring "Cidghoff" {rN+ MR+ Slay+3,
                  | (Curse: Fragile)}
 30221 | Shoals:4 | Identified the +4 halberd of the Eleven Songs {freeze,
                  | *Rage MR++ MP+9 Int+8 Dex-2}
 30241 | Shoals:4 | Identified the cursed +8 hand crossbow of Epsihaes {elec,
                  | rF+ rC+ Stlth-, (Curse: *Drain)}
 30628 | Shoals:4 | Got a barnacled rune of Zot
 30665 | Shoals:4 | Reached skill level 15 in Spellcasting
 30944 | Shoals:4 | Identified the +9 dagger of Zithreowy {pierce, Fragile
                  | rElec Str+6}
 31248 | D:2      | Bought a book of Annihilations for 1258 gold pieces
 31258 | D:2      | Learned a level 9 spell: Fire Storm
 31453 | Elf:1    | Entered Level 1 of the Elven Halls
 31665 | Elf:1    | Identified the cursed +0 nunchaku of Accord {speed, Int+5
                  | +Vis, (Curse: rF-)}
 31775 | Elf:1    | Identified the cursed +8 mace of Currency {crush, *Drain
                  | rC++, (Curse: *Noise)}
 31840 | Elf:1    | Reached XP level 19. HP: 161/161 MP: 23/43
 32049 | Elf:1    | Identified the cursed ring "Dekir" {Str+2 Dex+5 Stlth-,
                  | (Curse: Fragile rF-)}
 32389 | Elf:1    | Found Bucegypp's Antique Weapon Shop.
 32764 | Elf:2    | Noticed Azrael
 32850 | Elf:2    | Identified the +8 katar of Deflation {molten, +Inv rPois
                  | MR+}
 32854 | Elf:2    | Found a runed translucent gate.
 32854 | Elf:2    | Found a runed translucent gate.
 32854 | Elf:2    | Found a runed translucent gate.
 32861 | Elf:2    | Noticed Darold's ghost (adept MiBe)
 32862 | Elf:2    | Identified the +2 pair of gloves of Lilacs {+Inv MR++
                  | Int+4}
 32967 | Elf:2    | Killed Azrael
 33238 | Elf:2    | Found a runed translucent gate.
 33238 | Elf:2    | Found a runed translucent gate.
 33238 | Elf:2    | Found a runed translucent gate.
 33738 | Elf:2    | Killed Darold's ghost
 33804 | Elf:3    | Entered Level 3 of the Elven Halls
 34132 | Elf:3    | Noticed Aizul
 34138 | Elf:3    | Killed Aizul
 34331 | Elf:3    | Identified the cursed +8 battleaxe of Floods {pain,
                  | *Corrode rN+ MR+ Str+4, (Curse: *Rage)}
 34348 | Elf:3    | Identified the +2 leather armour of Polish {rPois MR+++
                  | Dex-5 Stlth+}
 34477 | Elf:3    | Identified the cursed +11 bardiche of the Weasel {chop,
                  | +Fly rElec MR- Dex+4 +Vis, (Curse: *Slow)}
 34479 | Elf:3    | Reached XP level 20. HP: 166/166 MP: 31/44
 34674 | Elf:3    | Identified the +4 staff of Courage {chaos, earth; AC+5
                  | Stlth+}
 34682 | Elf:3    | Identified the ring "Headel" {Ice Int+3}
 34695 | Elf:3    | Identified the cursed +3 hatchet of Day {elec, Fragile rC+
                  | rN+, (Curse: Dex-4)}
 34741 | Elf:3    | Identified the -1 hammer "Veygibowy" {acid, rF+}
 34745 | Elf:3    | Identified the Incunabulum of the Blaze
 34811 | Elf:3    | Identified the cursed +4 mace of the Sun {speed, rPois
                  | Dex+3, (Curse: *Drain)}
 35216 | Orc:2    | Bought a scroll of fear for 42 gold pieces
 35216 | Orc:2    | Bought a scroll of summoning for 114 gold pieces
 35216 | Orc:2    | Bought a scroll of enchantment for 90 gold pieces
 35404 | Vaults:1 | Entered Level 1 of the Vaults
 36710 | Vaults:1 | Learned a level 6 spell: Deflect Missiles
 36751 | Vaults:2 | Identified the +0 pair of boots of the Vacuum {Stlth+}
 37325 | Vaults:2 | Found a staircase to the Crypt.
 37325 | Vaults:2 | Found a basalt altar of Yredelemnul.
 37326 | Vaults:2 | Found an ancient bone altar of Kikubaaqudgha.
 37573 | Vaults:2 | Identified the cursed +6 chain mail of Etzoarph {rElec,
                  | (Curse: rC-)}
 38107 | Vaults:3 | Identified the cursed ring of the Past {Ice rN+, (Curse:
                  | Fragile)}
 38123 | Vaults:3 | Reached XP level 21. HP: 176/176 MP: 22/51
 39558 | Vaults:4 | Found Qugir's Book Shop.
 39828 | Vaults:4 | Bought a pamphlet of Fighting for 210 gold pieces
 40196 | Vaults:5 | Entered Level 5 of the Vaults
 40196 | Vaults:5 | Identified the amulet of Trepidation {-Vis Int+4}
 40200 | Vaults:5 | Reached skill level 10 in Dodging
 40296 | Vaults:5 | Reached XP level 22. HP: 162/190 MP: 18/54
 40654 | Vaults:5 | Identified the cursed +5 eveningstar of Offence {freeze,
                  | rPois rC+ Int+3, (Curse: rF-)}
 40665 | Vaults:5 | Identified the +4 morningstar of Midsummer {acid, +Rage
                  | rPois Dex+4}
 40779 | Vaults:5 | Identified the cursed +9 quarterstaff of Misery {venom,
                  | rN+, (Curse: *Drain rC-)}
 40787 | Vaults:5 | Identified the +5 hand crossbow of the Brain {molten, rElec
                  | rC+}
 40801 | Vaults:5 | Identified Sif Muna's Compendium of Ignition
 40900 | Vaults:5 | Got a silver rune of Zot
 40960 | Vaults:5 | Identified the +1 leather armour "Fije" {rElec rN++ MR+
                  | Dex-3}
 40975 | Vaults:5 | Identified the Grimoire of Fire
 41010 | Vaults:5 | Identified the +8 targe of Grontol {elec, rElec}
 41077 | Vaults:5 | Noticed an ancient lich
 41081 | Vaults:5 | Killed an ancient lich
 41186 | Vaults:5 | Found Qapse's Distillery.
 41198 | Vaults:5 | Bought a potion of curing for 33 gold pieces
 41198 | Vaults:5 | Bought a potion of resistance for 110 gold pieces
 41198 | Vaults:5 | Bought a potion of curing for 33 gold pieces
 41198 | Vaults:5 | Bought a potion of mutation for 27 gold pieces
 41258 | Vaults:5 | Identified the +8 dire flail "Xudol" {freeze, +Blink rElec}
 41640 | Vaults:5 | Identified the +6 lajatang "Baewuomu" {freeze, rPois Str+7}
 41838 | Vaults:5 | Learned a level 2 spell: Swiftness
 42276 | Slime:1  | Entered Level 1 of the Pits of Slime
 42279 | Slime:1  | Reached skill level 1 in Evocations
 42297 | Slime:1  | Gained mutation: Your body often falls apart upon taking
                  | damage. [a shining eye]
 42299 | Slime:1  | Reached XP level 23. HP: 158/196 MP: 11/57
 42508 | Slime:2  | Gained mutation: [a shining eye]
 42826 | Slime:2  | Reached skill level 5 in Evocations
 42883 | Slime:4  | Reached skill level 15 in Fighting
 43114 | Slime:5  | Entered Level 5 of the Pits of Slime
 43306 | Slime:5  | Noticed the Royal Jelly
 43309 | Slime:5  | Killed the Royal Jelly
 43982 | Slime:5  | Got a cracked rune of Zot
 44423 | Depths:1 | Entered Level 1 of the Depths
 44425 | Depths:1 | Reached skill level 5 in Stealth
 44425 | Depths:1 | Reached XP level 24. HP: 207/207 MP: 48/57
 44480 | Depths:1 | Noticed Bai Suzhen
 44486 | Depths:1 | Killed Bai Suzhen
 44624 | Depths:1 | Found a portal to a secret trove of treasure.
 44990 | Vaults:4 | Bought a book of Power for 602 gold pieces
 45254 | Depths:1 | Learned a level 7 spell: Iskenderun's Icy Sphere
 45291 | Depths:1 | You paid a toll of +3 shadow dragon scales to enter a
                  | treasure trove
 45292 | Trove    | Entered a treasure trove
 45296 | Trove    | Identified the +0 pair of boots "Buemit" {rCorr}
 45296 | Trove    | Identified the +1 pair of boots of Forking Paths {rF+ +Vis}
 45296 | Trove    | Identified the +4 hat "Huasuluh" {MR+}
 45296 | Trove    | Identified the +0 pair of gloves of Lilacs {rF+ rN+ Int+5
                  | Slay-4}
 45297 | Trove    | Identified the +2 pair of gloves of Classification {rF+
                  | Int+4}
 45297 | Trove    | Identified the +0 pair of gloves of Imiq {Stlth+}
 45298 | Trove    | Identified the +2 hat "Fuyw" {rF- rC+ rCorr Dex+2}
 45560 | Depths:1 | Found Zamiej's Food Shoppe.
 45777 | Depths:1 | Found a gateway to Hell.
 46399 | Depths:2 | Learned a level 8 spell: Lehudib's Crystal Spear
 46414 | Depths:2 | Found a one-way gate to the infinite horrors of the Abyss.
 46422 | Depths:2 | Identified the cursed +2 hat "Earthly Heaven" {Int+3,
                  | (Curse: MR-)}
 46436 | Depths:2 | Reached skill level 5 in Earth Magic
 46504 | Depths:2 | Identified the +2 hat "Manu" {rC+ rN+ MR+} (You acquired it
                  | on level 2 of the Depths)
 46504 | Depths:2 | Identified the +8 staff of Tawkas {scoped, air; +Blink
                  | rElec rN++ Str+4} (You acquired it on level 2 of the
                  | Depths)
 46504 | Depths:2 | Identified the Grimoire of Enchantment and the Blaze (You
                  | acquired it on level 2 of the Depths)
 46782 | Depths:2 | Identified the +6 hunting sling "Ontoeh" {freeze, rElec
                  | Int+3}
 46851 | Depths:2 | Identified the cursed ring "Ified" {rC+ AC+5, (Curse:
                  | Fragile -Vis)}
 47547 | Depths:3 | Reached skill level 10 in Earth Magic
 47642 | Depths:3 | Found a one-way gate leading to the halls of Pandemonium.
 47893 | Depths:3 | Reached XP level 25. HP: 122/216 MP: 32/58
 48182 | Depths:3 | Found a runed translucent gate.
 48182 | Depths:3 | Found a runed translucent gate.
 48182 | Depths:3 | Found a runed translucent gate.
 48195 | Depths:3 | Identified the +1 plate armour of Bisue {*Corrode Str+5}
                  | (You took it off a molten gargoyle on level 3 of the
                  | Depths)
 48195 | Depths:3 | Identified the +5 halberd of Xighuon {slay drac, *Drain
                  | rPois MR- Str+3 Dex+8} (You took it off a molten gargoyle
                  | on level 3 of the Depths)
 48245 | Depths:3 | Found a runed translucent gate.
 48245 | Depths:3 | Found a runed translucent gate.
 48245 | Depths:3 | Found a runed translucent gate.
 48245 | Depths:3 | Identified the Collected Works on the Arsonist
 48534 | Depths:4 | Noticed Frederick
 48538 | Depths:4 | Killed Frederick
 48567 | Depths:4 | Identified the +0 robe "Ebbaoxase" {rPois Dex+4}
 48605 | Depths:4 | Identified the cursed +6 morningstar of Destiny {antimagic,
                  | Fragile rF+ rN++ Int+3, (Curse: rC-)}
 48696 | Depths:4 | Identified the cursed +6 ice dragon scales of the Eternal
                  | Fruit {rElec rF- rC++, (Curse: MP-9)}
 48723 | Depths:4 | Noticed Margery
 48726 | Depths:4 | Killed Margery
 48807 | Depths:4 | Found a gateway to a ziggurat.
 49445 | Depths:5 | Entered Level 5 of the Depths
 49571 | Depths:5 | Noticed Mennas
 49665 | Depths:5 | Found Yriq's Armour Shoppe.
 49665 | Depths:5 | Noticed Xtahua
 49665 | Depths:5 | Noticed Boris
 49669 | Depths:5 | Killed Xtahua
 49670 | Depths:5 | Killed Boris
 49687 | Depths:5 | Found a magical portal.
 50108 | WizLab   | Identified a +0 pair of boots of running
 50111 | WizLab   | Identified the cursed amulet "Haang" {Harm *Drain MR-
                  | Dex+7, (Curse: Soulbond)}
 50115 | WizLab   | Identified the Handbook of Weightlessness
 50349 | Depths:5 | Killed Mennas
 50349 | Depths:5 | Reached skill level 15 in Earth Magic
 50558 | Depths:5 | Found a gate to the Realm of Zot.
 50570 | Depths:5 | Reached XP level 26. HP: 184/224 MP: 20/58
 51400 | Crypt:1  | Entered Level 1 of the Crypt
 51608 | Crypt:1  | Noticed Boris
 51612 | Crypt:1  | Killed Boris
 52071 | Crypt:2  | Noticed Boris
 52073 | Crypt:2  | Killed Boris
 52629 | Crypt:2  | Reached skill level 15 in Dodging
 53112 | Crypt:3  | Entered Level 3 of the Crypt
 53322 | Crypt:3  | Reached skill level 15 in Invocations
 53501 | Crypt:3  | Identified the cursed +3 staff of Agegany {shield, cold;
                  | rC+ rN+ MR- +Vis Stlth+, (Curse: rF-)}
 53868 | Crypt:3  | Found a staircase to the Tomb.
 53868 | Crypt:3  | Noticed an ancient lich
 53871 | Crypt:3  | Killed an ancient lich
 53976 | Crypt:3  | Found an ancient bone altar of Kikubaaqudgha.
 53976 | Crypt:3  | Noticed an ancient lich
 53978 | Crypt:3  | Killed an ancient lich
 54011 | Crypt:3  | Noticed an ancient lich
 54013 | Crypt:3  | Killed an ancient lich
 54316 | Crypt:3  | Found the +8 demon blade "Bloodbane" {slice, *Rage +Rage
                  | Stlth-}
 54317 | Crypt:3  | Found the +10 large shield of Ignorance {rN+ Int-4}
 54989 | Geh:2    | Connectivity tunneler affected
                  | hangedman_mysterious_dungeon_monster_house.
 54989 | Geh:2    | Connectivity tunneler affected
                  | hangedman_mysterious_dungeon_monster_house.
 54989 | Pan      | Entered Pandemonium
 55083 | Pan      | Reached skill level 10 in Evocations
 55208 | Pan      | Identified the amulet of Lucidity {Reflect Int+8 SH+5} (You
                  | acquired it in Pandemonium)
 55214 | Pan      | Noticed Bied the pandemonium lord
 55222 | Pan      | Killed Bied the pandemonium lord
 55409 | Pan      | Reached XP level 27. HP: 231/231 MP: 40/58
 55619 | Pan      | Noticed Saseavip the pandemonium lord
 55623 | Pan      | Killed Saseavip the pandemonium lord
 55756 | Pan      | Found an exit through the horrors of the Abyss.
 55892 | Pan      | Learned a level 1 spell: Summon Butterflies
 55899 | Pan      | Learned a level 6 spell: Statue Form
 56175 | Pan      | Found a glowing silver altar of Zin.
 56213 | Pan      | Identified the Volume of the Snowflakes (You acquired it in
                  | Pandemonium)
 56213 | Pan      | Identified the +0 pair of boots of Grace {MR+ Dex+4} (You
                  | acquired it in Pandemonium)
 56932 | Pan      | Identified the cursed ring "Wugeas" {rC+ MR+, (Curse:
                  | Fragile Slay-6)}
 57229 | Pan      | Identified the cursed +7 buckler "Ivulug" {+Inv rElec rF-
                  | Int-4, (Curse: Fragile)}
 57242 | Pan      | Found a glowing golden altar of the Shining One.
 57250 | Pan      | Noticed a seraph
 57259 | Pan      | Killed a seraph
 57275 | Pan      | Identified the cursed +12 spear of Plague {acid, *Corrode
                  | rPois +Vis Stlth+, (Curse: *Slow)}
 57276 | Pan      | Identified the +5 dagger "Gitep" {vamp, rF+ Dex+3}
 57276 | Pan      | Identified the +5 rapier of Equivalence {pierce, *Contam
                  | rPois Str+5 Int+2}
 57281 | Pan      | Got a demonic rune of Zot
 57343 | Pan      | Identified the cursed ring "Yluefusu" {*Slow rPois rC+ MR+
                  | Int+10, (Curse: Fragile)}
 57468 | Pan      | Identified the cursed ring "Vestrivy" {MR+ rCorr Str+4,
                  | (Curse: Fragile)}
 57568 | Pan      | Found a white marble altar of Elyvilon.
 57568 | Pan      | Identified the cursed +9 targe of Laceration {speed, MP-9
                  | Dex+5 Stlth+, (Curse: Fragile rC-)}
 57618 | Pan      | Reached skill level 15 in Ice Magic
 57970 | Pan      | Reached skill level 10 in Stealth
 57971 | Pan      | Noticed Pedwij the pandemonium lord
 57972 | Pan      | Killed Pedwij the pandemonium lord
 58154 | Pan      | Entered the realm of Gloorx Vloq.
 58771 | Pan      | Noticed Gloorx Vloq
 58777 | Pan      | Killed Gloorx Vloq
 58800 | Pan      | Got a dark rune of Zot
 58997 | Pan      | Entered the realm of Mnoleg.
 59191 | Pan      | Identified the amulet of Yqoucw {Gourm rC+} (You acquired
                  | it in Pandemonium)
 59517 | Pan      | Lost mutation: You have an increased reservoir of magic.
                  | (+15% MP) [a neqoxec]
 59720 | Pan      | Gained mutation: You cover ground slowly. [magical
                  | radiation]
 59810 | Pan      | Noticed Mnoleg
 59820 | Pan      | Killed Mnoleg
 59921 | Pan      | Got a glowing rune of Zot
 59938 | Pan      | Lost mutation: You are very clever. (INT +4) [magical
                  | radiation]
 60113 | Pan      | Gained mutation: [magical radiation]
 60393 | Pan      | Entered the realm of Cerebov.
 60687 | Pan      | Found an exit through the horrors of the Abyss.
 61127 | Pan      | Identified the +7 spear of the Ageless Tales {pierce, Str+3
                  | Int+4 Dex-2}
 61220 | Pan      | Found the +6 sword of Cerebov {molten}
 61220 | Pan      | Noticed Cerebov
 61389 | Pan      | Killed Cerebov
 61438 | Pan      | Identified the cursed +12 great mace "Vefy" {molten, +Blink
                  | Int+4 Dex+3, (Curse: *Rage)}
 61538 | Pan      | Got a fiery rune of Zot
 61633 | Pan      | Entered the realm of Lom Lobon.
 62156 | Pan      | Noticed Lom Lobon
 62165 | Pan      | Killed Lom Lobon
 62177 | Pan      | Got a magical rune of Zot
 62601 | Pan      | Identified the +7 buckler of Good Intentions {*Corrode
                  | rPois rC++}
 62622 | Pan      | Connectivity tunneler affected lemuel_hall_of_pain.
 62622 | Pan      | Connectivity tunneler affected lemuel_hall_of_pain.
 62882 | Pan      | Noticed Diorr the pandemonium lord
 62885 | Pan      | Killed Diorr the pandemonium lord
 63032 | Pan      | Identified the +6 mace of Amortisation {pain, rElec rC+
                  | Str+4}
 63195 | Pan      | Noticed Saseadgh the pandemonium lord
 63201 | Pan      | Killed Saseadgh the pandemonium lord
 63311 | Pan      | Found an exit through the horrors of the Abyss.
 63320 | Pan      | Took an exit into the Abyss.
 63320 | Abyss:1  | Escaped into the Abyss
 63320 | Abyss:1  | Found a basalt altar of Yredelemnul.
 63803 | Abyss:3  | Lost mutation: You cover ground slowly. [a neqoxec]
 63916 | Abyss:3  | Found a corrupted altar of Lugonu.
 63921 | Abyss:3  | Found a snail-covered altar of Cheibriados.
 64033 | Abyss:3  | Found a corrupted altar of Lugonu.
 65135 | Abyss:3  | Reduced skill Dodging to level 15
 65135 | Abyss:3  | Reduced skill Earth Magic to level 15
 65196 | Abyss:3  | Reached skill level 5 in Necromancy
 65358 | Abyss:3  | Gained mutation: You have difficulty communicating with the
                  | divine. [a neqoxec]
 65750 | Abyss:4  | Found a hide-covered altar of Uskayaw.
 65812 | Abyss:4  | Found a corrupted altar of Lugonu.
 65989 | Abyss:4  | Got an abyssal rune of Zot
 66104 | Abyss:4  | Found a blossoming altar of Fedhas.
 66198 | Depths:3 | Escaped the Abyss
 66203 | Depths:3 | Gained mutation: You have hooves in place of feet. [potion
                  | of mutation]
 66204 | Depths:3 | Gained mutation: You can translocate small distances at
                  | will. [potion of mutation]
 66204 | Depths:3 | Gained mutation: You are often teleported next to monsters.
                  | [potion of mutation]
 66206 | Depths:3 | Gained mutation: You have a pair of horns on your head.
                  | [potion of mutation]
 66208 | Depths:3 | Lost mutation: Your body often falls apart upon taking
                  | damage. [potion of mutation]
 66209 | Depths:3 | Lost mutation: You have difficulty communicating with the
                  | divine. [potion of mutation]
 66209 | Depths:3 | Lost mutation: You can translocate small distances at will.
                  | [potion of mutation]
 66209 | Depths:3 | Lost mutation: You have hooves in place of feet. [potion of
                  | mutation]
 66209 | Depths:3 | Lost mutation: [potion of mutation]
 66209 | Depths:3 | Lost mutation: You have a fast metabolism. [potion of
                  | mutation]
 66216 | Depths:3 | Lost mutation: [potion of mutation]
 66216 | Depths:3 | Lost mutation: You have a pair of horns on your head.
                  | [potion of mutation]
 66216 | Depths:3 | Lost mutation: Your tail ends in a sharp, venomous barb.
                  | [potion of mutation]
 66216 | Depths:3 | Lost mutation: You are highly resistant to hostile
                  | enchantments. (MR++) [potion of mutation]
 66217 | Depths:3 | Lost mutation: You possess an exceptional clarity of mind.
                  | [potion of mutation]
 66217 | Depths:3 | Lost mutation: You are often teleported next to monsters.
                  | [potion of mutation]
 66217 | Depths:3 | Lost mutation: You are resistant to electric shocks.
                  | (rElec) [potion of mutation]
 66232 | Depths:3 | Learned a level 9 spell: Glaciate
 66254 | Hell     | Entered the Vestibule of Hell
 66257 | Hell     | Noticed Geryon
 66275 | Hell     | Killed Geryon
 66333 | Hell     | Found a gateway to the Iron City of Dis.
 66577 | Hell     | Found a gateway to the decaying netherworld of Tartarus.
 66654 | Hell     | Found a gateway to the ashen valley of Gehenna.
 66745 | Hell     | Found a gateway to the freezing wastes of Cocytus.
 66851 | Geh:1    | Entered Level 1 of Gehenna
 66855 | Geh:2    | Identified the cursed ring "Nikas" {rF- rN++ Str+2 Stlth-,
                  | (Curse: Fragile Dex-5)}
 67011 | Geh:4    | You are sucked into a shaft and drop 2 floors!
 67020 | Geh:7    | Entered Level 7 of Gehenna
 67752 | Geh:7    | Identified the +1 leather armour "Juraurph" {Int+5 Dex-4}
 67872 | Geh:7    | Found the +7 sceptre of Asmodeus
 67872 | Geh:7    | Noticed Asmodeus
 67886 | Geh:7    | Killed Asmodeus
 67921 | Geh:7    | Identified the cursed +14 crystal plate "Etae" {Int-3
                  | Slay+4, (Curse: MR-)}
 67921 | Geh:7    | Identified the cursed ring of Pogiblusu {rN++ Str+9 Int+5
                  | +Vis Stlth-, (Curse: rC-)}
 67932 | Geh:7    | Identified the +1 chain mail "Gyaxt" {Str+3}
 67932 | Geh:7    | Identified the +0 leather armour of Polish {*Slow rElec
                  | Str+3}
 67954 | Geh:7    | Got an obsidian rune of Zot
 67959 | Geh:7    | Identified the Papyrus of Heat
 67993 | Geh:7    | Reached skill level 27 in Spellcasting
 68202 | Coc:1    | Entered Level 1 of Cocytus
 68236 | Coc:2    | You are sucked into a shaft and drop 1 floor!
 68322 | Coc:7    | Entered Level 7 of Cocytus
 68654 | Coc:7    | Noticed Antaeus
 68662 | Coc:7    | Killed Antaeus
 68666 | Coc:7    | Identified the +6 hunting sling of Laocoar {freeze, rF-
                  | Dex+3 +Vis}
 68753 | Coc:7    | Got an icy rune of Zot
 68916 | Dis:1    | Entered Level 1 of the Iron City of Dis
 68965 | Dis:1    | Identified the cursed ring "Follig" {MR+ Str+5, (Curse:
                  | Fragile Slay-2 Stlth-)}
 69124 | Dis:3    | Identified the cursed ring "Soczex Jasum" {+Blink rF++ MP+9
                  | Str+5 +Vis Stlth-, (Curse: Fragile rC-)}
 69790 | Dis:7    | Entered Level 7 of the Iron City of Dis
 69857 | Dis:7    | Identified the cursed ring of Dithmenos's Whim {*Corrode
                  | +Blink Str+2 Int+5 Dex+5, (Curse: Fragile)}
 69886 | Dis:7    | Reached skill level 15 in Evocations
 70294 | Dis:7    | Noticed the Serpent of Hell
 70304 | Dis:7    | Killed the Serpent of Hell
 70343 | Dis:7    | Identified the cursed amulet of Yzixkib {Harm *Drain rF+
                  | rN+ Dex+4, (Curse: Fragile rC-)}
 70604 | Dis:7    | Identified the +8 targe of the End of Times {crush, rF+}
 70605 | Dis:7    | Identified the cursed +4 war axe of Bloody Death {pain,
                  | rElec MR+, (Curse: *Slow)}
 70626 | Dis:7    | Identified the ring of Springtime {rC+ Str+2 Int+5}
 70626 | Dis:7    | Identified the +5 fustibalus of Xuneog {venom, *Corrode
                  | rPois rC+ Int+4}
 70665 | Dis:7    | Identified the cursed ring "Ecautij" {Fire rPois, (Curse:
                  | Fragile Slay-4)}
 70693 | Dis:7    | Identified the ring "Haizoq" {rPois rC- rN+ Int+5 Dex+4
                  | Slay+2}
 70712 | Dis:7    | Identified the +8 staff "Enkani" {energy, air; rElec MR+}
 70713 | Dis:7    | Identified the ring of Sloth {*Tele rPois}
 70816 | Dis:7    | Found the +4 staff of Dispater
 70816 | Dis:7    | Noticed Dispater
 70833 | Dis:7    | Killed Dispater
 70888 | Dis:7    | Found the +8 arc blade {discharge, rElec}
 70889 | Dis:7    | Identified the cursed +3 staff of Revolt {warp, death; rN+
                  | Str+3 Int+4 Dex-4, (Curse: rC-)}
 70895 | Dis:7    | Identified the amulet of the Final Chapter {Harm *Drain
                  | Slay+3}
 70919 | Dis:7    | Got an iron rune of Zot
 71136 | Tar:1    | Entered Level 1 of Tartarus
 71899 | Tar:5    | You are sucked into a shaft and drop 1 floor!
 71941 | Tar:6    | Reached skill level 27 in Fire Magic
 72184 | Tar:7    | Entered Level 7 of Tartarus
 72267 | Tar:7    | Found a huge runed gate.
 72267 | Tar:7    | Found a huge runed gate.
 72275 | Tar:7    | Found a huge runed gate.
 72275 | Tar:7    | Found a huge runed gate.
 72276 | Tar:7    | Found a huge runed gate.
 72276 | Tar:7    | Found a huge runed gate.
 72304 | Tar:7    | Found a huge runed gate.
 72305 | Tar:7    | Found a huge runed gate.
 72309 | Tar:7    | Found a huge runed gate.
 72309 | Tar:7    | Found a huge runed gate.
 72315 | Tar:7    | Found a large runed door.
 72319 | Tar:7    | Found a large runed door.
 72324 | Tar:7    | Found a huge runed gate.
 72324 | Tar:7    | Found a huge runed gate.
 72337 | Tar:7    | Found a huge runed gate.
 72337 | Tar:7    | Found a huge runed gate.
 72338 | Tar:7    | Found a large runed door.
 72338 | Tar:7    | Found a large runed door.
 72398 | Tar:7    | Found a huge runed gate.
 72398 | Tar:7    | Found a huge runed gate.
 72427 | Tar:7    | Found a huge runed gate.
 72427 | Tar:7    | Found a huge runed gate.
 72437 | Tar:7    | Found a huge runed gate.
 72437 | Tar:7    | Found a huge runed gate.
 72452 | Tar:7    | Identified the cursed +2 staff "Ihemyitt" {chaos, fire; rF+
                  | rN+ Stlth+, (Curse: Slay-2)}
 72452 | Tar:7    | Identified the +8 scythe of Mybieg {slay drac, Stlth+}
 72452 | Tar:7    | Identified the ring "Bill" {Fire rN+}
 72452 | Tar:7    | Identified the +2 mace "Jellybane" {vamp, Dex+3}
 72714 | Tar:7    | Identified the amulet "Pigaikkic" {Spirit Dex+2}
 72723 | Tar:7    | Identified Efiuh's Reference Book on Flames
 72758 | Tar:7    | Identified the cursed ring "Qeudoask" {Fire rPois Dex+2
                  | Stlth+, (Curse: *Tele Fragile)}
 72858 | Tar:7    | Found a huge runed gate.
 72858 | Tar:7    | Found a huge runed gate.
 72858 | Tar:7    | Found a huge runed gate.
 72858 | Tar:7    | Found a huge runed gate.
 72863 | Tar:7    | Identified the cursed ring "Ynekh" {Wiz rPois, (Curse:
                  | *Corrode)}
 72863 | Tar:7    | Identified the cursed +4 scimitar of Irrepressible Laughter
                  | {speed, *Slow +Rage +Inv Stlth+, (Curse: Fragile)}
 72868 | Tar:7    | Identified the cursed +0 staff of the Past {energy, tMut;
                  | +Blink MR+ Dex-4, (Curse: rC-)}
 72890 | Tar:7    | Identified the Guide on Heat
 73117 | Tar:7    | Noticed Ereshkigal
 73121 | Tar:7    | Killed Ereshkigal
 73157 | Tar:7    | Got a bone rune of Zot
 73846 | Tomb:1   | Entered Level 1 of the Tomb of the Ancients
 74447 | Tomb:2   | Identified the cursed ring of Qaleong {MP+9 Slay+6, (Curse:
                  | Fragile)}
 75026 | Tomb:1   | Reached skill level 27 in Ice Magic
 75306 | Tomb:3   | Entered Level 3 of the Tomb of the Ancients
 75315 | Tomb:3   | Noticed an ancient lich
 75350 | Tomb:3   | Identified the +10 broad axe "Iplopunt" {holy, rPois Str+4}
 75350 | Tomb:3   | Identified the cursed +0 leather armour of the Townfolk
                  | {rPois Int+6 Dex+9, (Curse: *Drain)}
 75350 | Tomb:3   | Identified the cursed +4 staff of Qelaa {reaver, air; rElec
                  | Str+5, (Curse: Stlth-)}
 75490 | Tomb:3   | Killed an ancient lich
 75532 | Tomb:3   | Identified the ring "Goyhulur" {AC+5 Slay+3}
 75768 | Tomb:3   | Noticed an ancient lich
 75770 | Tomb:3   | Killed an ancient lich
 75848 | Tomb:3   | Identified the cursed +2 hat of Gezued {+Inv rPois, (Curse:
                  | rF-)}
 75992 | Tomb:3   | Identified the +0 ring mail of Sin {*Corrode rElec Str+2
                  | Stlth+}
 76016 | Tomb:3   | Got a golden rune of Zot
 76170 | Tomb:3   | Learned a level 6 spell: Bolt of Fire
 76956 | Zot:1    | Entered Level 1 of the Realm of Zot
 77159 | Zot:1    | Noticed an orb of fire
 77162 | Zot:1    | Killed an orb of fire
 77844 | Zot:2    | Identified the cursed ring "Pymeolas" {Ice *Contam rN+ MR+
                  | Str+4 Int+4, (Curse: Fragile)}
 78162 | Zot:2    | Identified the +1 chain mail of Pathos {rElec rCorr Str+2}
 78645 | Zot:3    | Noticed an orb of fire
 78648 | Zot:3    | Killed an orb of fire
 79421 | Zot:4    | Noticed an orb of fire
 79422 | Zot:4    | Identified the +5 scimitar of the Everdark {antimagic, -Vis
                  | +Rage Dex+5}
 79423 | Zot:4    | Killed an orb of fire
 79485 | Zot:4    | Noticed a Killer Klown
 79487 | Zot:4    | Identified the cursed ring of Vehumet's Condemnation {rPois
                  | rN+ Stlth-, (Curse: Fragile)}
 79489 | Zot:4    | Noticed an orb of fire
 79491 | Zot:4    | Killed a Killer Klown
 79498 | Zot:4    | Killed an orb of fire
 80457 | Zot:5    | Entered Level 5 of the Realm of Zot
 80481 | Zot:5    | Identified the cursed ring "Reiteki" {Wiz rF+ MR+, (Curse:
                  | Fragile)}
 80555 | Zot:5    | Noticed an orb of fire
 80562 | Zot:5    | Killed an orb of fire
 80869 | Zot:5    | Noticed a Killer Klown
 80872 | Zot:5    | Noticed an orb of fire
 80873 | Zot:5    | Killed a Killer Klown
 80873 | Zot:5    | Noticed an orb of fire
 80874 | Zot:5    | Killed an orb of fire
 80877 | Zot:5    | Killed an orb of fire
 80877 | Zot:5    | Noticed an ancient lich
 80880 | Zot:5    | Killed an ancient lich
 80881 | Zot:5    | Noticed an orb of fire
 80882 | Zot:5    | Gained mutation: You have difficulty communicating with the
                  | divine. [an orb of fire]
 80887 | Zot:5    | Noticed an orb of fire
 80888 | Zot:5    | Killed an orb of fire
 80889 | Zot:5    | Gained mutation: Your body often falls apart upon taking
                  | damage. [an orb of fire]
 80889 | Zot:5    | Killed an orb of fire
 80902 | Zot:5    | Noticed an orb of fire
 80908 | Zot:5    | Killed an orb of fire
 80922 | Zot:5    | Noticed an orb of fire
 80926 | Zot:5    | Killed an orb of fire
 80932 | Zot:5    | Noticed an orb of fire
 80936 | Zot:5    | Killed an orb of fire
 80946 | Zot:5    | Noticed an orb of fire
 80951 | Zot:5    | Killed an orb of fire
 81033 | Zot:5    | Noticed an ancient lich
 81036 | Zot:5    | Killed an ancient lich
 81044 | Zot:5    | Noticed an ancient lich
 81048 | Zot:5    | Killed an ancient lich
 81230 | Zot:5    | Got the Orb of Zot
 81294 | Zot:5    | Noticed a Killer Klown
 81310 | Zot:5    | Killed a Killer Klown
 81872 | D:2      | Noticed Hoilubonk the pandemonium lord
 81873 | D:2      | Killed Hoilubonk the pandemonium lord
 81943 | D:$      | Escaped with the Orb!

Levels and vault maps discovered:
D:1:      nzn_arrival_depleted_hourglass, layout_basic
D:2:      layout_sewer, sewer_frog_pond, serial_shops, kennysheep_little_box,
          first_ration
D:3:      layout_loops_ring
D:4:      layout_basic, kennysheep_mini_moat,
          minmay_temple_entry_statues_pillars, basic_altar, hangedman_ranch
          [blue_anna_fruit_fields], uniq_grum, uniq_harold, uniq_psyche,
          uniq_joseph
D:5:      layout_roguey, grunt_lair_entry_orc_guard_hut, roderic_roman_lattice,
          kb_rosetta, uniq_sonja, uniq_fannar, uniq_prince_ribbit1
D:6:      layout_cave_pools, orc_david_3, uniq_roxanne
D:7:      layout_stronghold, david_vaults_1, elyvilon_altar_4, minivault_11,
          uniq_crazy_yiuf_cottage
D:8:      grunt_enter_depths_magical_seal, layout_cave_pods,
          chequers_serial_rivers_micro_e, basic_altar
Temple:   kilobyte_greek_temple
Lair:1:   layout_gridlike, portal_ice_cave_entry_ice_beasts
Lair:2:   layout_gridlike, shoals_dummy_entry, grunt_megastairs_2
Lair:3:   layout_gridlike
Lair:4:   layout_roguey, spider_nest_entry_web_field, grunt_forest_stairs_basic,
          grunt_forest_stairs_clearing, grunt_megastairs_4
Lair:5:   layout_gridlike, minmay_slime_entry_pillars,
          chequers_serial_rivers_small_b
Lair:6:   wormcave, layout_loops_ring, guppyfry_lair_end_dragon, uniq_josephine
Shoals:1: layout_shoals
Shoals:2: layout_shoals
Shoals:3: layout_shoals, serial_shops, shop, gammafunk_ghost_wrathful_warriors,
          uniq_polyphemus, uniq_ilsuiw
Shoals:4: shoals_end_hangedman, layout_shoals
Spider:1: layout_spider_delve, ossuary_due_mausoleum,
          nicolae_ossuary_entry_false_entrances, uniq_jorgrun
Spider:2: layout_spider_delve, drop_trap, uniq_louise
Spider:3: nicolae_spider_mines_2, gammafunk_ghost_grave,
          spiders_nest_hornet_nest
Spider:4: grunt_spider_rune_island, uniq_donald
Slime:1:  layout_caves
Slime:2:  layout_caves, cheibrodos_slime_lost_civilization_4
Slime:3:  cheibrodos_slime_lost_civilization_9, layout_caves
Slime:4:  layout_regular_city
Slime:5
Orc:1:    layout_caves, nicolae_orc_damp_corner
Orc:2:    st_orc_rangers, layout_caves, uniq_saint_roka
Elf:1:    eino_elf_arrival_customs, layout_onion_city, serial_shops,
          shop_statue, hangedman_elf_disciples
Elf:2:    layout_onion_city, serial_sigils, serial_sigils_hangedman_gnaw,
          serial_sigils_hangedman_stare, serial_sigils_hangedman_etch,
          gammafunk_ghost_tricky_traps, uniq_azrael
Elf:3:    minmay_elf_hall_quartered_circle, layout_loops_cross, uniq_aizul
Vaults:1: vaults_room_grunt_arrival_checkpoint, v_misc_22,
          hangedman_vaults_corner, nicolae_vaults_three_branches,
          nicolae_vaults_quadrants, vaults_room_fours,
          vaults_room_grunt_arrival_ludios, vaults_room_hallway,
          nicolae_vaults_little_squares_4, ontoclasm_vaults_pinch,
          layout_vaults_omnigrid
Vaults:2: v_misc_31, minmay_crypt_entry_necro_gods, vaults_room_guarded_vault,
          vaults_mumra_minichess, hangedman_vaults_snaps, v_rooms_3,
          nicolae_vaults_network_star, dpeg_vaults_monster_row,
          nicolae_vaults_angled_halls, vaults_room_grid, v_misc_17,
          vaults_mumra_chevron_long, ontoclasm_vaults_ligature,
          layout_vaults_maze_bifur
Vaults:3: nicolae_vaults_display_case, hangedman_vaults_variations, v_pattern_4,
          vaults_dpeg_cross, ontoclasm_vaults_tryst, v_misc_25, v_misc_9,
          hangedman_vaults_nails, nicolae_vaults_little_squares_2,
          grunt_vaults_funnel, nicolae_vaults_network_barrier,
          layout_vaults_omnibox
Vaults:4: st_lattice, grunt_vaults_focal, nicolae_vaults_theta, v_misc_26,
          nicolae_vaults_specimen_jars, ontoclasm_vaults_ring_small, v_misc_15,
          vaults_dpeg_diagonal, vaults_room_ringed_pool,
          dpeg_vaults_monster_box, layout_vaults_big_room, serial_shops,
          nicolae_shop_crystal
Vaults:5
Crypt:1:  layout_misc_corridors, fountainhead, grunt_crypt_arrival_guarded_gate
Crypt:2:  layout_misc_corridors
Crypt:3:  quadcrypt_mu
Tomb:1
Tomb:2
Tomb:3
Depths:1: layout_small_grid, pf_coc_iceberg, serial_shops, shop, enter_trove_3,
          minmay_misc_feat_pillars, lightli_corner_chamber, uniq_bai_suzhen
Depths:2: grunt_runaround [grunt_runaround_doors_1, grunt_runaround_doors_2,
          grunt_runaround_doors_3, grunt_runaround_doors_4,
          grunt_runaround_loot], abyss_entry, hell_entry
Depths:3: kennysheep_treasure_stockpile, layout_gridlike,
          grunt_hell_entry_dis_mu, hangedman_abyss_or_decor_passed, pan_entry
Depths:4: cheibrodos_poenydio_scu, layout_cave_pools, enter_ziggurat_e,
          serial_sigils_hangedman_leer, hell_entry, abyss_entry_crystal,
          kennysheep_generic_room_11, uniq_margery, uniq_frederick
Depths:5: grunt_zot_entry_alcove, layout_basic, hell_entry,
          roderic_serpentine_path, rand_demon_pan_entry_5,
          lightli_enter_wizlab_magi_temple, hangedman_abyss_entry_splay,
          serial_shops, nicolae_shop_stone, uniq_mennas, uniq_xtahua, uniq_boris
Hell
Dis:1:    layout_jigsaw
Dis:2:    layout_gridville
Dis:3:    layout_jigsaw
Dis:4:    layout_subdivisions
Dis:5:    layout_subdivisions, nrook_loot_triangle,
          hangedman_dis_decor_blocks_talon
Dis:6:    layout_subdivisions
Dis:7:    iron_city_of_dis [dis_mu, dis_wall_1], layout_chaotic_city
Geh:1:    layout_gehenna_pools_basic
Geh:2:    layout_gehenna_lava_caves, hangedman_mysterious_dungeon_monster_house
Geh:3:    layout_gehenna_lava_caves
Geh:4:    layout_gehenna_lava_caves
Geh:6:    layout_gehenna_lava_caves
Geh:7:    geh_mu
Coc:1:    layout_ice_bergs
Coc:2:    layout_ice_bergs
Coc:3:    layout_ice_bergs
Coc:4:    layout_cocytus_water_paths
Coc:5:    layout_cocytus_water_paths
Coc:6:    layout_cocytus_water_paths
Coc:7:    coc_grunt_cove [coc_grunt_cove_antaeus, coc_grunt_cove_fiend,
          coc_grunt_cove_fiend, coc_grunt_cove_fiend, coc_grunt_cove_fiend]
Tar:1:    layout_cathedral_of_symmetry
Tar:2:    layout_cathedral_of_symmetry
Tar:3:    layout_grid_maze
Tar:4:    layout_grid_maze
Tar:5:    layout_cathedral_of_symmetry, nicolae_tar_cuneiform_heaven,
          nicolae_tar_cuneiform_three
Tar:6:    layout_grid_maze
Tar:7:    tar_old
Zot:1:    layout_basic, grunt_ministairs_10
Zot:2:    kennysheep_bubbly, layout_twisted_circle,
          hangedman_zot_decor_scrapings
Zot:3:    layout_gridlike, grunt_megastairs_1
Zot:4:    grunt_zot_stairs_faceoff, layout_cathedral_of_symmetry
Zot:5:    layout_onion, guppyfry_library_mini

Skill      XL: |  1  2  3  4  5  6  7  8  9 10 11 12 13 14 15 16 17 18 19 20 21 22 23 24 25 26 27 |
---------------+----------------------------------------------------------------------------------+-----
Fighting       | 1 2 5 6 8 9 10 12 14 15 16 26 | 26.3
Spellcasting   | 3 4 5 6 8 10 12 13 15 19 21 22 23 27 | 27.0
Dodging        | 2 5 6 8 11 13 14 15 23 | 23.9
Stealth        | 2 5 8 13 | 13.0
Ice Magic      | 3 4 6 7 8 11 13 27 | 27.0
Fire Magic     | 7 13 15 17 18 19 20 23 24 25 27 | 27.0
Invocations    | 7 8 10 11 12 13 14 15 22 | 22.4
Axes & Hammers | 5 7 7 |  7.4
Earth Magic    | 3 4 10 15 16 20 | 20.3
Crossbows      | 9 11 13 13 | 13.6
Charms         | 4 7 8 8 |  8.0
Necromancy     | 4 5 5 |  5.0
Shields        | 2 4 4 |  4.0
Evocations     | 1 7 9 10 23 | 23.3
Summonings     | |  0.7

Action                   |  1- 3 |  4- 6 |  7- 9 | 10-12 | 13-15 | 16-18 | 19-21 | 22-24 | 25-27 || total
-------------------------+-------+-------+-------+-------+-------+-------+-------+-------+-------++-------
Melee: Unarmed           |     7 |       |       |       |    55 |       |       |       |       ||    62
       Dagger            |     8 |       |       |       |       |       |       |       |       ||     8
       Peck              |     2 |     4 |    10 |     1 |     6 |       |       |       |       ||    23
       Short sword       |       |    45 |   122 |    78 |       |       |       |       |       ||   245
       Battleaxe         |       |       |       |    16 |    25 |       |       |       |       ||    41
 Fire: Hunting sling     |     2 |    40 |    30 |    41 |       |       |       |       |       ||   113
       Hand crossbow     |       |       |       |       |   661 |   458 |   237 |   328 |  1005 ||  2689
 Cast: Freeze            |    45 |    36 |    35 |       |       |       |       |       |       ||   116
       Throw Frost       |       |    67 |   199 |    58 |     3 |       |       |       |       ||   327
       Throw Icicle      |       |       |    15 |     6 |    43 |    29 |    15 |    15 |   203 ||   326
       Fireball          |       |       |     2 |   129 |   234 |   368 |   224 |   331 |   798 ||  2086
       Summon Ice Beast  |       |       |     1 |     2 |       |       |       |     2 |     1 ||     6
       Sticky Flame      |       |       |       |    42 |    56 |    16 |     1 |     1 |       ||   116
       Bolt of Magma     |       |       |       |    24 |    74 |   166 |   127 |   198 |   412 ||  1001
       Regeneration      |       |       |       |       |       |   220 |   132 |   154 |   818 ||  1324
       Sublimation of Bl |       |       |       |       |       |   187 |   123 |   173 |   964 ||  1447
       Ring of Flames    |       |       |       |       |       |    23 |     2 |     4 |     6 ||    35
       Blink             |       |       |       |       |       |    11 |     3 |     5 |    15 ||    34
       Fire Storm        |       |       |       |       |       |       |    26 |    62 |   326 ||   414
       Deflect Missiles  |       |       |       |       |       |       |     1 |     2 |    13 ||    16
       Iskenderun's Icy  |       |       |       |       |       |       |       |    11 |   293 ||   304
       Lehudib's Crystal |       |       |       |       |       |       |       |     1 |   503 ||   504
       Glaciate          |       |       |       |       |       |       |       |       |   166 ||   166
       Bolt of Fire      |       |       |       |       |       |       |       |       |    25 ||    25
       Statue Form       |       |       |       |       |       |       |       |       |     3 ||     3
Invok: Choose Bahamut's  |       |       |     1 |       |       |       |       |       |       ||     1
       Enhanced Breath   |       |       |       |     4 |     1 |     1 |     1 |       |       ||     7
       Choose Bahamut's  |       |       |       |     1 |       |       |       |       |       ||     1
       Choose Bahamut's  |       |       |       |     1 |       |       |       |       |       ||     1
       Drake Mount       |       |       |       |       |     1 |     3 |     1 |     1 |    13 ||    19
       Choose Bahamut's  |       |       |       |       |     1 |       |       |       |       ||     1
       Receive Book of t |       |       |       |       |     1 |       |       |       |       ||     1
 Abil: Breathe Fire      |       |       |    22 |    28 |     6 |    16 |     1 |       |     4 ||    77
       Breathe Frost     |       |       |       |       |     3 |       |       |     1 |       ||     4
       Breathe Noxious F |       |       |       |       |     2 |       |       |       |       ||     2
       Fly               |       |       |       |       |       |     3 |       |     1 |     1 ||     5
       Stop Flying       |       |       |       |       |       |     3 |       |       |       ||     3
       Blink             |       |       |       |       |       |       |       |       |     1 ||     1
       End Transformatio |       |       |       |       |       |       |       |       |     1 ||     1
Evoke: Wand              |       |       |       |     2 |       |     1 |       |       |     1 ||     4
       Box of beasts     |       |       |       |       |       |       |       |       |     1 ||     1
       Crystal ball of e |       |       |       |       |       |       |       |       |     1 ||     1
  Use: Potion            |       |     1 |       |       |     3 |     1 |     4 |     1 |    38 ||    48
       Scroll            |       |       |     1 |     1 |     1 |     4 |     1 |     4 |    23 ||    35
  Eat: Chunk             |       |     7 |    26 |    74 |   100 |    72 |    50 |    29 |    85 ||   443
       Ration            |       |     1 |     2 |     1 |     5 |     5 |     3 |     8 |    34 ||    59
Armor: Skin              |    27 |    43 |    84 |    72 |   124 |   224 |    39 |    57 |   711 ||  1381
Dodge: Dodged            |    12 |    23 |    51 |    63 |   116 |   112 |    35 |   141 |   606 ||  1159
       Deflected         |       |       |       |       |       |       |       |    22 |    87 ||   109
Block: Buckler           |       |       |       |       |       |   224 |    56 |   150 |   619 ||  1049
